 Dungeon Crawl Stone Soup version 0.22-a0-373-gab1296c (webtiles) character file.

19396130 Leszczynek the Middleweight Champion (level 27, 273/273 HPs)
             Began as a Ghoul Abyssal Knight on Apr 18, 2018.
             Was the Champion of Lugonu.
             Escaped with the Orb
             ... and 15 runes on Apr 25, 2018!
             The game lasted 08:49:41 (79062 turns).

Leszczynek the Middleweight Champion (GhAK)        Turns: 79062, Time: 08:49:42

Health: 273/273    AC: 41    Str: 39    XL:     27
Magic:  39/39      EV: 23    Int: 14    God:    Lugonu [******]
Gold:   7325       SH: 18    Dex: 22    Spells: 18/52 levels left

rFire    + + .     SeeInvis +     - Unarmed
rCold    + + .     Gourm    .   W - +0 shield {reflect} {Donald}
rNeg     + + +     Faith    .   G - +8 plate armour {rF+}
rPois    ∞         Spirit   .   l - +2 hat of the Sneaky Songs {rF++ Dex+3}
rElec    .         Reflect  +   Q - +4 dragonskin cloak
rCorr    .         Harm     .   U - +2 pair of gloves {Str+3}
MR       +++++                  B - +2 pair of boots of the Many Tales {*Corrode Regen+ Dex+2}
Stlth    ..........             v - amulet "Xiasishru" {rPois MR+ Regen+ Dex-2}
HPRegen  0.00/turn              x - ring of Castahig {Ice MR++ Str+9 SInv Stlth-}
MPRegen  0.26/turn              o - ring of Tohioxou {Str+5 Int+7 Dex+4, The Ring of Making Ghouls Not Suck}

@: rotting
A: rotting body, claws 1, carnivore, cold resistance 1, negative energy
resistance 3, inhibited regeneration, torment resistance, unbreathing
0: Orb of Zot
}: 15/15 runes: decaying, serpentine, slimy, silver, golden, iron, obsidian,
icy, bone, abyssal, demonic, glowing, magical, fiery, dark
a: Depart the Abyss, Bend Space, Banish, Corrupt, Enter the Abyss, Brand Weapon
With Distortion, Renounce Religion


You escaped.
You worshipped Lugonu.
Lugonu was exalted by your worship.
You were not hungry.

You visited 17 branches of the dungeon, and saw 89 of its levels.
You visited Pandemonium 1 time, and saw 16 of its levels.
You visited the Abyss 2 times.
You visited 2 bazaars.
You also visited: Ice Cave, Volcano and Wizlab.

You collected 14012 gold pieces.
You spent 6687 gold pieces at shops.

Inventory:

Hand Weapons
 z - a +9 blowgun
Missiles
 j - 3 throwing nets (quivered)
 q - 8 needles of confusion
 A - 9 curare-tipped needles
Armour
 l - the +2 hat of the Sneaky Songs (worn) {rF++ Dex+3}
   (You found it on level 1 of the Swamp)

   It affects your dexterity (+3).
   It greatly protects you from fire.
 B - the +2 pair of boots of the Many Tales (worn) {*Corrode Regen+ Dex+2}
   (You acquired it on level 3 of the Realm of Zot)

   It affects your dexterity (+2).
   It increases your rate of regeneration.
   It may corrode you when you take damage.
 G - a +8 plate armour of fire resistance (worn)
 Q - the +4 dragonskin cloak (worn)
   (You took it off Tiamat on level 1 of the Realm of Zot)
 U - a +2 pair of gloves of strength (worn)
 W - a +0 shield of reflection (worn) {Donald}
Jewellery
 f - the ring of Robustness {AC+8}
   (You found it on level 5 of the Pits of Slime)

   [ring of protection]

   It affects your AC (+8).
 o - the ring of Tohioxou (right hand) {Str+5 Int+7 Dex+4, The Ring of Making Ghouls Not Suck}
   (You bought it in a shop on level 1 of the Depths)

   [ring of strength]

   It affects your strength (+5).
   It affects your intelligence (+7).
   It affects your dexterity (+4).
 v - the amulet "Xiasishru" (around neck) {rPois MR+ Regen+ Dex-2}
   (You took it off a deep elf demonologist on level 3 of the Elven Halls)

   [amulet of regeneration]

   It affects your dexterity (-2).
   It protects you from poison.
   It affects your resistance to hostile enchantments.
   It increases your rate of regeneration.
 x - the ring of Castahig (left hand) {Ice MR++ Str+9 SInv Stlth-}
   (You bought it in a shop on level 3 of the Vaults)

   [ring of ice]

   It enhances your ice magic.
   It affects your strength (+9).
   It makes you vulnerable to fire.
   It protects you from cold.
   It affects your resistance to hostile enchantments.
   It lets you see invisible.
   It makes you less stealthy.
 I - an uncursed ring of resist corrosion
Wands
 E - a wand of digging (35)
 F - a wand of paralysis (47)
 H - a wand of acid (3)
 J - a wand of enslavement (13)
 L - a wand of iceblast (35)
 N - a wand of scattershot (15)
 T - a wand of clouds (13)
Scrolls
 e - 19 scrolls of teleportation
 k - 6 scrolls of fear
 n - 5 scrolls of blinking
 s - 22 scrolls of remove curse {@r2}
 t - 6 scrolls of summoning
 w - 21 scrolls of identify {@r1}
 D - 10 scrolls of fog
 Y - 3 scrolls of vulnerability {!r}
Potions
 a - 8 potions of brilliance
 b - 10 potions of flight
 g - a potion of haste
 i - a potion of might
 m - 25 potions of curing {@q1}
 r - 6 potions of ambrosia
 u - 18 potions of heal wounds {@q2}
 y - 5 potions of cancellation
 K - 6 potions of magic
 P - 2 potions of invisibility
 S - 3 potions of agility
 X - 3 potions of resistance
Miscellaneous
 c - 9 boxes of beasts
 h - a figurine of a ziggurat
 C - 7 sacks of spiders
 M - a lamp of fire
 O - a fan of gales
 R - the horn of Geryon
 V - 5 phantom mirrors
 Z - a lightning rod (4/4)
Comestibles
 d - 83 rations


   Skills:
 O Level 27 Fighting
 - Level 15.0 Throwing
 - Level 18.5 Armour
 - Level 16.8 Dodging
 - Level 6.0 Stealth
 - Level 17.4 Shields
 O Level 27 Unarmed Combat
 + Level 13.3 Spellcasting
 - Level 7.3 Charms
 - Level 6.0 Summonings
 * Level 26.2 Necromancy
 - Level 11.8 Translocations
 - Level 6.0 Transmutations
 - Level 7.3 Earth Magic
 - Level 17.4 Invocations
 - Level 13.3 Evocations


You had 18 spell levels left.
You knew the following spells:

 Your Spells              Type           Power        Failure   Level  Hunger
a - Animate Skeleton      Necr           N/A          0%          1    None
b - Corpse Rot            Necr           N/A          0%          2    None
c - Passwall              Tmut/Erth      ####......   2%          2    None
d - Song of Slaying       Chrm           ####....     1%          2    None
e - Passage of Golubria   Tloc           N/A          1%          4    ###....
f - Lesser Beckoning      Tloc           #####.....   1%          3    None
g - Summon Butterflies    Summ           ####....     1%          1    None
h - Infestation           Necr           ######....   3%          8    #######
i - Dispel Undead         Necr           ######..     0%          5    #####..
q - Regeneration          Chrm/Necr      ######....   1%          3    None
A - Apportation           Tloc           #####.       1%          1    None
B - Blink                 Tloc           N/A          1%          2    None


Dungeon Overview and Level Annotations

Branches:
Dungeon (15/15)            Temple (0/1) D:6            Lair (6/6) D:9
  Swamp (4/4) Lair:3        Snake (4/4) Lair:3        Slime (5/5) Lair:5
    Orc (2/2) D:12            Elf (3/3) Orc:2        Vaults (5/5) D:14
  Crypt (3/3) Vaults:2       Tomb (3/3) Crypt:3      Depths (5/5) D:15
   Hell (1/1)                 Dis (7/7) Hell            Geh (7/7) Hell
    Coc (7/7) Hell            Tar (7/7) Hell            Zot (5/5) Depths:5

Altars:
Ashenzari
Dithmenos
Elyvilon
Fedhas
Gozag
Kikubaaqudgha
Nemelex Xobeh
Okawaru
Qazlal
Yredelemnul
The Shining One
Jiyva

Shops:
D:8 ?   D:10 (   D:11 (   D:13 ?   Orc:2 %![   Elf:2 :   Elf:3 :   Snake:3 =
Vaults:1 !   Vaults:3 =   Depths:1 :==}   Depths:2 %

Portals:
Hell: Depths:1 Depths:2 Depths:4 Depths:5
Abyss: Depths:4
Pandemonium: Depths:4
Ziggurat: Depths:5

Annotations:
D:1 Natasha
D:6 Totori's ghost, novice GnWn
D:7 elec battleaxe orc f
Lair:4 exclusion: 2 oklob plants
Swamp:1 corrupted
Swamp:4 corrupted
Snake:2 Aizul; Roxanne
Snake:4 corrupted
Slime:5 Royal Jelly
Orc:1 sorc next to stairs
Depths:5 mennas roaming, corrupted
Abyss:1 Snorg


Innate Abilities, Weirdness & Mutations

Your body is rotting away.
You thrive on raw meat.
You are immune to poison.
You have sharp fingernails.
You are carnivorous and can eat meat at any time.
Your flesh is cold resistant. (rC+)
You are immune to negative energy. (rN+++)
You do not regenerate when monsters are visible.
You are immune to unholy pain and torment.
You can survive without breathing.


Message History

The crimson imp blinks!
The crimson imp blinks!
Natasha stares at you and mumbles some strange words.
The magic dart hits you!
You feel your flesh rotting away.
There is a large open door here.
The crimson imp disappears in a puff of smoke!
There is a large open door here.
The crimson imp blinks!
The crimson imp blinks!
There is an open door here.
You block the crimson imp's attack.
You closely miss the crimson imp.
You pummel the crimson imp like a punching bag!!!
You kill the crimson imp!
There is a staircase leading out of the dungeon here.
You feel better.
Natasha casts a spell.
Natasha completely misses you.
You have escaped!

..............#≈#.##...≈♣≈...##.#
..###.........###.8#.........#8.#
..............≈≈#.##♣.......♣##.#
..............≈##+##♣≈.....≈♣##'#
.........##.#.≈#8.8##♣##'##♣##8.8
.........##.#.≈#...###8#'#8###...
.....)..###.#.≈#5..'.........'...
............# ≈#...##8##.##8##...
.......###### #@h8#≈♣≈#'#≈♣≈#8..
######## ######♣##'##♣#####
≈≈≈≈≈≈≈.≈≈≈≈≈≈≈≈ ........##.....
#######.# ###. ##### #.# ###+#
#...# #.. #.... #...####. #....
#..... . #....


You could see an iron imp and Natasha.

Vanquished Creatures
  Cerebov (Pan)
  the Royal Jelly (Slime:5)
  Asmodeus (Geh:7)
  Gloorx Vloq (Pan)
  Ereshkigal (Tar:7)
  Lom Lobon (Pan)
  Mnoleg (Pan)
  the Serpent of Hell (Tar:7)
  Dispater (Dis:7)
  7 ancient liches
  Tiamat (Zot:1)
  2 juggernauts
  7 orbs of fire (Zot:5)
  Mara (Elf:3)
  13 greater mummies
  Sojobo (Tomb:2)
  Boris (Tomb:1)
  Frederick (Vaults:5)
  Margery (Crypt:1)
  Saint Roka (Vaults:1)
  10 shard shrikes
  3 pandemonium lords (Pan)
  2 Killer Klowns (Zot:5)
  2 caustic shrikes
  Geryon (Hell)
  16 golden dragons
  A golden dragon (shapeshifter) (Depths:4)
  9 bone dragons
  Jorgrun (Snake:4)
  30 Brimstone Fiends
  20 Tzitzimimeh
  3 electric golems
  A shard shrike zombie (Crypt:3)
  10 liches
  A doom hound (Tar:2)
  7 iron giants
  20 tentacled monstrosities
  7 Hell Sentinels
  19 Ice Fiends
  A deep elf blademaster (Elf:3)
  29 Orb Guardians
  3 titans
  19 acid blobs
  12 quicksilver dragons
  2 eldritch tentacles
  13 Executioners
  16 sphinxes
  2 tentacled starspawn
  Frances (D:13)
  9 death cobs
  19 storm dragons
  8 shadow dragons
  10 ancient champions
  6 revenants
  Donald (Snake:2)
  16 tengu reavers
  15 fire giants
  3 draconian monks
  8 nagarajas
  10 azure jellies
  4 warmongers (Pan)
  19 frost giants
  11 vault wardens
  9 deep elf sorcerers
  28 balrugs
  3 draconian knights
  15 iron dragons
  3 iron dragons (shapeshifter) (Depths:4)
  2 orc warlords (Vaults:5)
  5 ghost moths
  A juggernaut zombie (Hell)
  9 draconian shifters
  10 ironheart preservers
  5 draconian scorchers
  13 cacodemons
  6 draconian stormcallers
  9 deep elf elementalists
  4 ghouls
  4 curse skulls
  2 draconian annihilators (Zot:5)
  2 spriggan defenders (Depths:2)
  45 reapers
  12 very ugly things
  17 war gargoyles
  4 vampire knights
  An angel (Abyss:4)
  21 stone giants
  2 ophanim (Abyss:4)
  An entropy weaver (Vaults:3)
  6 elemental wellsprings
  6 corrupters (Pan)
  13 blood saints (Pan)
  4 green draconians
  26 lorocyprocas
  16 bennus
  11 black draconians
  8 black suns (Pan)
  7 deep elf demonologists
  7 deep elf annihilators
  8 yellow draconians
  2 spark wasps
  8 purple draconians
  7 red draconians
  7 eidola
  12 white draconians
  8 green deaths (Pan)
  2 crystal guardians (Depths:4)
  19 ettins
  An ettin (shapeshifter) (Depths:3)
  5 deep elf high priests
  2 kraken zombies
  5 death oozes
  3 deep elf death magi (Elf:3)
  20 mummy priests
  15 blizzard demons
  21 yaktaur captains
  11 fire dragons
  3 quicksilver dragon zombies
  Josephine (Lair:5)
  19 great orbs of eyes
  41 vault guards
  23 ice dragons
  3 rakshasas
  16 naga warriors
  3 jiangshi
  9 hydras
  7 monstrous demonspawn (Pan)
  2 juggernaut simulacra (Pan)
  4 quicksilver dragon skeletons
  5 spriggan air magi
  3 ghost crabs
  A catoblepas (D:15)
  4 hell beasts
  An alligator (shapeshifter) (Vaults:3)
  57 two-headed ogres
  14 anacondas
  5 alligators
  44 death scarabs
  10 centaur warriors
  A spectral stone giant (Crypt:3)
  8 death knights
  13 ogre magi
  15 dancing weapons
  8 deep troll shamans
  7 deep troll earth magi
  A shock serpent (shapeshifter) (Depths:4)
  A tengu warrior (Depths:1)
  8 hell hogs
  An orc high priest (Elf:2)
  4 vampire magi
  11 naga sharpshooters
  A spectral storm dragon (Crypt:3)
  59 hell knights
  2 thrashing horrors
  7 spriggan berserkers
  9 titan zombies
  14 deep elf knights
  50 sun demons
  5 iron golems
  6 titan skeletons
  4 storm dragon zombies
  28 soul eaters
  A spectral ghost moth (Crypt:3)
  A salamander mystic (Snake:2)
  13 sixfirhies (Pan)
  4 anaconda zombies
  22 shadow wraiths
  An iron giant zombie (Crypt:2)
  4 golden dragon zombies
  3 iron trolls (Zot:4)
  A ghost moth zombie (Coc:7)
  2 cherubim (Abyss:4)
  82 skeletal warriors
  3 spriggan druids
  A spectral anaconda (Crypt:3)
  The ghost of Leszczynek the Grappler, a novice TrSk of Makhleb (D:7)
  2 death drakes (Tar:7)
  A fire crab (shapeshifter) (Vaults:3)
  23 deep trolls
  10 swamp dragons
  4 storm dragon skeletons
  7 gelid demonspawn
  4 infernal demonspawn (Pan)
  4 glowing orange brains
  5 naga ritualists
  30 shadow demons
  15 flayed ghosts
  3 torturous demonspawn (Pan)
  8 ironbrand convokers
  5 wizards
  19 deep elf archers
  A tengu zombie (Depths:2)
  2 unseen horrors
  27 naga magi
  39 phantasmal warriors
  3 shambling mangroves
  10 shadow dragon zombies
  5 anaconda skeletons
  6 mana vipers
  21 necromancers
  A lindwurm (Zot:1)
  2 wolf spiders
  8 orc knights
  A shining eye (Slime:1)
  39 deep elf magi
  4 shadow dragon skeletons
  3 golden dragon skeletons
  39 ugly things
  3 human zombies
  5 stone giant zombies
  3 wolf spider zombies
  A manticore (D:14)
  2 salamanders (shapeshifter)
  4 iron dragon zombies
  26 moths of wrath
  4 cyclopes
  8 orc sorcerers
  9 frost giant zombies
  10 salamanders
  A spectral ettin (Crypt:3)
  5 fire giant zombies
  2 worldbinders (Abyss:4)
  3 centaur zombies
  6 frost giant skeletons
  34 black mambas
  8 elephants
  3 iron dragon skeletons
  A water nymph (shapeshifter) (Depths:4)
  Joseph (D:8)
  A torpor snail (Lair:3)
  2 shock serpent zombies
  16 smoke demons
  An ice statue (IceCv)
  5 dire elephant zombies
  5 eyes of devastation
  16 guardian serpents
  10 molten gargoyles
  36 rust devils
  2 gargoyles
  5 stone giant skeletons
  4 yaktaur zombies
  13 orange demons (Pan)
  A shock serpent skeleton (Coc:1)
  3 vault sentinels
  7 fire giant skeletons
  13 spiny frogs
  2 elf skeletons
  5 dire elephant skeletons
  An elf zombie (WizLab)
  An emperor scorpion zombie (Dis:7)
  34 hellions
  2 spectral swamp worms (Tar:7)
  40 yaktaurs
  11 demonic crawlers
  A sea snake zombie (Crypt:2)
  15 efreet
  42 freezing wraiths
  A catoblepas zombie (Geh:7)
  A rime drake (Zot:1)
  37 ice devils
  16 komodo dragons
  2 yaktaurs (shapeshifter) (Vaults:5)
  37 guardian mummies
  An ancient zyme (Abyss:4)
  11 trolls
  6 anaconda simulacra
  3 catoblepas skeletons
  A death yak zombie (Crypt:1)
  29 tormentors
  11 hellwings (Pan)
  A death yak skeleton (Crypt:3)
  A queen ant zombie (Crypt:2)
  A jumping spider (shapeshifter) (Depths:3)
  A minotaur skeleton (Tar:7)
  2 meliai (D:14)
  A troll (shapeshifter) (Vaults:5)
  9 hydra zombies
  A white draconian skeleton (Tar:7)
  2 silent spectres (Tar:2)
  A polar bear (Lair:6)
  2 red draconian skeletons
  A tengu conjurer (Depths:1)
  2 golden dragon simulacra (IceCv)
  31 red devils
  4 harpy zombies
  7 tyrant leeches
  13 hornets
  4 hydra skeletons
  3 harpy skeletons
  A deep troll zombie (Hell)
  51 slime creatures
  9 hippogriffs
  6 blink frogs
  3 spriggan zombies
  4 alligator zombies
  16 ettin zombies
  6 fire dragon zombies
  A snapping turtle (Vaults:5)
  A death drake skeleton (Crypt:2)
  2 frost giant simulacra
  A stone giant simulacrum (Vaults:1)
  8 ice dragon zombies
  A dream sheep (Vaults:3)
  11 bog bodies
  106 flying skulls
  A redback (shapeshifter) (Depths:4)
  3 redbacks (Vaults:3)
  2 black mamba zombies
  An air elemental (Elf:2)
  2 ice dragon skeletons
  4 alligator skeletons
  27 shadows
  6 ettin skeletons
  47 wraiths
  28 spriggans
  13 ynoxinuls
  2 tarantellas (Vaults:3)
  5 fire dragon skeletons
  7 wyverns
  3 basilisks
  37 fire elementals
  4 small abominations
  A yak (shapeshifter) (Depths:4)
  2 black mamba skeletons (Tar:7)
  8 ushabtiu
  3 centaur simulacra
  A tyrant leech zombie (Crypt:3)
  2 fire bats (Volcano)
  A human (D:7)
  51 yaks
  Grum (D:8)
  8 golden eyes
  10 water elementals
  2 fire bats (shapeshifter)
  20 neqoxecs (Pan)
  10 large abominations
  3 steam dragons
  19 vampire mosquitoes
  A death yak simulacrum (IceCv)
  A glowing shapeshifter zombie (Crypt:3)
  17 hungry ghosts
  9 chaos spawn
  6 wargs
  18 swamp worms
  A merfolk zombie (Coc:3)
  15 insubstantial wisps
  A soldier ant (D:13)
  4 harpy simulacra (IceCv)
  2 iron troll simulacra (IceCv)
  49 nagas
  4 acid dragons
  65 hell hounds
  7 water moccasins
  9 porcupines
  An orb spider zombie (Crypt:3)
  A torturous demonspawn skeleton (Crypt:2)
  5 spiny frog zombies
  4 hydra simulacra
  4 sky beasts
  A floating eye (shapeshifter) (Vaults:3)
  14 swamp drakes
  6 ice beasts
  16 necrophages
  40 orc warriors
  An eye of draining (shapeshifter) (D:15)
  4 snapping turtle zombies
  A swamp dragon zombie (Dis:7)
  An alligator simulacrum (Hell)
  4 spiny frog skeletons
  An ogre (shapeshifter) (Vaults:5)
  6 eyes of draining
  11 boggarts
  14 phantoms
  A black bear (Lair:1)
  A manticore zombie (Dis:6)
  A snapping turtle skeleton (Geh:7)
  17 centaurs
  46 ogres
  13 wolves
  2 swamp dragon skeletons
  6 crocodiles
  An elf simulacrum (Vaults:4)
  3 human skeletons
  A spectral human (Crypt:3)
  A manticore skeleton (Coc:7)
  A big kobold (D:7)
  A gnoll sergeant (D:11)
  23 bullfrogs
  A draconian zombie (Crypt:2)
  2 earth elementals
  A spiny frog simulacrum (Coc:3)
  3 troll zombies (D:12)
  2 scorpions
  An elephant simulacrum (IceCv)
  A queen bee zombie (Crypt:3)
  9 killer bees
  A shapeshifter zombie (Crypt:3)
  A snapping turtle simulacrum (Tar:3)
  2 swamp dragon simulacra (IceCv)
  82 wights
  2 howler monkeys
  15 crimson imps
  2 draconian simulacra (IceCv)
  A lava snake (Volcano)
  19 orc wizards
  A quasit (Abyss:4)
  5 centaur skeletons
  7 hounds
  3 human simulacra
  18 iron imps
  A jelly (shapeshifter) (Vaults:4)
  12 jellies
  13 orc priests
  3 iguanas
  Natasha (D:3)
  13 hell rats
  2 troll simulacra (IceCv)
  8 worker ants
  5 polar bear simulacra
  3 spriggan simulacra (IceCv)
  3 yak simulacra (Lair:2)
  A porcupine skeleton (Crypt:3)
  4 ogre zombies
  2 wolf simulacra
  2 naga zombies
  A dwarf zombie (Crypt:2)
  2 ogre skeletons
  2 tengu skeletons
  32 mummies
  2 hound skeletons
  2 worker ant zombies
  11 gnolls
  15 adders
  3 naga simulacra (IceCv)
  3 ogre simulacra
  A river rat (D:13)
  15 shadow imps
  15 white imps
  6 ufetubi (IceCv)
  9 oozes
  2 adder skeletons
  A halfling skeleton (Crypt:1)
  3 worms
  A ball lightning (Pan)
  A dart slug (D:2)
  6 leopard geckos
  82 orcs
  2 bat zombies (D:1)
  15 giant cockroaches
  5 hobgoblins
  8 jackals
  2 quokkas
  7 bats
  4 frilled lizards
  A goblin skeleton (D:12)
  2 goblin zombies (D:12)
  A hobgoblin skeleton (D:12)
  3 hobgoblin zombies (D:12)
  10 kobolds
  A kobold zombie (Coc:3)
  2 orc skeletons (D:12)
  10 orc zombies (D:12)
  A quokka skeleton (D:4)
  7 rats
  3 river rat simulacra (Lair:2)
  3 fire vortices
  A starspawn tentacle (Abyss:4)
  4 tentacles
4224 creatures vanquished.

Vanquished Creatures (collateral kills)
  Antaeus (Coc:7)
  An iron dragon (Depths:5)
  A revenant (Tomb:3)
  An ironheart preserver (Vaults:4)
  4 bennus
  7 mummy priests (Tomb:3)
  A blizzard demon (Coc:7)
  2 hydras (Swamp:4)
  15 death scarabs
  A hell hog (Dis:7)
  A titan zombie (Dis:6)
  3 skeletal warriors (Tomb:3)
  A naga ritualist (Snake:2)
  A frost giant zombie (Tomb:3)
  A deep elf mage (D:15)
  An ice devil (Coc:7)
  17 guardian mummies (Tomb:3)
  A harpy zombie (Tomb:3)
  A hydra zombie (Tomb:3)
  2 bog bodies (Swamp:4)
  8 flying skulls
  7 ushabtiu (Tomb:3)
  A hungry ghost (Coc:7)
  A neqoxec (Pan)
  A hell hound (Lair:6)
  A wolf (Lair:1)
  17 mummies (Tomb:3)
  A plant (Lair:1)
100 creatures vanquished.

Vanquished Creatures (others)
  Mennas (Depths:5)
  the Lernaean hydra (Swamp:4)
  2 shard shrikes (Coc:7)
  A caustic shrike (Vaults:2)
  5 doom hounds
  2 titans (Pan)
  A deep elf master archer (Depths:4)
  A lich (Tomb:2)
  A quicksilver dragon (Zot:2)
  A death cob (Zot:2)
  3 eldritch tentacles
  Agnes (Snake:4)
  2 tengu reavers
  A vault warden (Vaults:5)
  2 very ugly things (Vaults:4)
  An elemental wellspring (Coc:7)
  A stone giant (Vaults:5)
  A corrupter (Pan)
  A spark wasp (Depths:4)
  A deep elf annihilator (Pan)
  3 red draconians (Zot:2)
  A white draconian (Zot:5)
  A yellow draconian (Zot:2)
  2 ettins
  A green death (Pan)
  2 ogre magi
  A vault guard (D:14)
  7 hydras
  A naga warrior (Snake:1)
  2 ice dragons
  A spriggan air mage (Depths:5)
  3 death scarabs (Tomb:2)
  2 two-headed ogres (Orc:2)
  An alligator (Swamp:4)
  A hell hog (Pan)
  A naga sharpshooter (Snake:2)
  A soul eater (Zot:2)
  10 shock serpents
  A sun demon (Pan)
  2 spriggans (Swamp:1)
  2 skeletal warriors (Tomb:2)
  A hell knight (Geh:4)
  A sixfirhy (Pan)
  2 swamp dragons (Swamp:4)
  2 wizards
  A deep troll (Zot:4)
  2 deep elf archers
  3 ironbrand convokers
  A necromancer (Depths:1)
  A lindwurm (Lair:6)
  A deep elf mage (Elf:2)
  A shadow dragon skeleton (Geh:1)
  An ugly thing (Depths:5)
  4 moths of wrath (Zot:5)
  2 guardian serpents (Snake:4)
  6 vault sentinels
  3 rust devils
  A molten gargoyle (Lair:6)
  A meliai (D:15)
  A spiny frog (Swamp:1)
  An ice devil (Coc:7)
  11 yaktaurs
  A bog body (Swamp:4)
  3 hornets (Swamp:1)
  2 flying skulls
  An ice dragon skeleton (Geh:7)
  A human (shapeshifter) (Elf:1)
  A swamp worm (Swamp:1)
  3 nagas (Snake:4)
  A floating eye (shapeshifter) (Vaults:2)
  A necrophage (Geh:1)
  A mummy (Tomb:2)
  A gnoll (D:7)
  2 white imps (IceCv)
  An ufetubus (IceCv)
  12 ball lightnings (Pan)
  3 orcs
  11 fungi
  A lurking horror (Abyss:4)
  35 plants
  6 starspawn tentacles
  7 tentacles
217 creatures vanquished.

Grand Total: 4541 creatures vanquished

Notes
Turn   | Place    | Note
-------+----------+-------------------------------------------
     0 | Abyss:1  | Leszczynek the Ghoul Abyssal Knight began the quest for the Orb.
     0 | Abyss:1  | Reached XP level 1. HP: 19/19 MP: 1/1
     7 | D:1      | Escaped the Abyss
   222 | D:2      | Reached skill level 3 in Unarmed Combat
   222 | D:2      | Reached XP level 2. HP: 26/26 MP: 2/2
   271 | D:2      | Noticed Natasha
   272 | D:2      | wow i'm dead
   280 | D:1      | 13 charges left on her poly wand
   280 | D:1      | lol
   439 | D:2      | Reached ** piety under Lugonu
   648 | D:2      | Reached XP level 3. HP: 28/31 MP: 3/3
   708 | D:2      | Reached skill level 4 in Unarmed Combat
   749 | D:2      | Reached skill level 1 in Shields
   782 | D:2      | Found a basalt altar of Yredelemnul.
   840 | D:2      | Reached XP level 4. HP: 34/38 MP: 4/4
   851 | D:2      | Found an ancient bone altar of Kikubaaqudgha.
   919 | D:2      | Found a glowing golden altar of the Shining One.
   985 | D:2      | Found an opulent altar of Gozag.
  1423 | D:3      | Found a sparkling altar of Nemelex Xobeh.
  1912 | D:3      | Reached *** piety under Lugonu
  1912 | D:3      | Reached skill level 5 in Unarmed Combat
  1912 | D:3      | Reached XP level 5. HP: 35/45 MP: 5/5
  2071 | D:3      | Reached skill level 2 in Shields
  2220 | D:3      | Killed Natasha
  2285 | D:4      | Found a blossoming altar of Fedhas.
  2285 | D:4      | Found a stormy altar of Qazlal.
  2292 | D:4      | Reached XP level 6. HP: 51/51 MP: 6/6
  2367 | D:4      | Reached skill level 6 in Unarmed Combat
  2461 | D:4      | Noticed a phantom
  2511 | D:4      | Killed a phantom
  2532 | D:4      | Reached skill level 3 in Shields
  2556 | D:4      | Learned a level 2 spell: Blink
  2807 | D:4      | Reached XP level 7. HP: 49/57 MP: 7/7
  2855 | D:4      | Reached skill level 7 in Unarmed Combat
  3011 | D:5      | Entered Level 5 of the Dungeon
  3285 | D:5      | Reached skill level 4 in Shields
  3285 | D:5      | Reached skill level 8 in Unarmed Combat
  3544 | D:6      | Reached XP level 8. HP: 50/66 MP: 8/8
  3587 | D:6      | Reached **** piety under Lugonu
  3616 | D:6      | Reached skill level 4 in Fighting
  3622 | D:6      | Noticed Totori's ghost (novice GnWn)
  3992 | D:6      | Reached skill level 9 in Unarmed Combat
  4011 | D:6      | Found a shadowy altar of Dithmenos.
  4159 | D:6      | Found a staircase to the Ecumenical Temple.
  4285 | D:7      | Reached skill level 5 in Fighting
  4386 | D:7      | Noticed Leszczynek's ghost (novice TrSk)
  4449 | D:7      | Noticed a hippogriff
  4453 | D:7      | Reached skill level 10 in Unarmed Combat
  4489 | D:7      | Reached XP level 9. HP: 51/74 MP: 9/9
  4510 | D:7      | Reached skill level 6 in Fighting
  4690 | D:7      | oh
  4971 | D:7      | Reached skill level 1 in Dodging
  4986 | D:7      | Reached skill level 11 in Unarmed Combat
  5128 | D:8      | Noticed a two-headed ogre
  5154 | D:8      | Killed a two-headed ogre
  5154 | D:8      | Reached skill level 2 in Dodging
  5154 | D:8      | Reached skill level 3 in Invocations
  5222 | D:8      | Reached skill level 7 in Fighting
  5234 | D:8      | Noticed Prince Ribbit
  5235 | D:8      | Noticed Prince Ribbit
  5235 | D:8      | Prince Ribbit changed into Prince Ribbit the warg
  5248 | D:8      | Killed Prince Ribbit the warg
  5248 | D:8      | Reached XP level 10. HP: 54/85 MP: 11/11
  5263 | D:8      | Reached ***** piety under Lugonu
  5309 | D:8      | Reached skill level 4 in Invocations
  5415 | D:8      | Reached skill level 3 in Dodging
  5425 | D:8      | Reached skill level 12 in Unarmed Combat
  5438 | D:8      | Noticed Grum
  5464 | D:8      | Killed Grum
  5508 | D:8      | Noticed a deep elf mage
  5510 | D:8      | i made a mistake
  5523 | D:8      | Killed a deep elf mage
  5544 | D:8      | Noticed Joseph
  5545 | D:8      | really
  5566 | D:8      | Killed Joseph
  5655 | D:7      | Reached skill level 4 in Dodging
  5662 | D:7      | Found an iron altar of Okawaru.
  5718 | D:8      | Reached skill level 8 in Fighting
  5726 | D:8      | Found Daizujil's Magic Scroll Boutique.
  5730 | D:8      | Bought a scroll of identify for 28 gold pieces
  5730 | D:8      | Bought a scroll of identify for 28 gold pieces
  5730 | D:8      | Bought a scroll of identify for 28 gold pieces
  5730 | D:8      | Bought a scroll of identify for 28 gold pieces
  5730 | D:8      | Bought a scroll of teleportation for 42 gold pieces
  5730 | D:8      | Bought a scroll of teleportation for 42 gold pieces
  5730 | D:8      | Bought a scroll of teleportation for 42 gold pieces
  6075 | D:9      | Found a staircase to the Lair.
  6229 | D:9      | Found a white marble altar of Elyvilon.
  6276 | D:9      | Noticed a two-headed ogre
  6291 | D:9      | Killed a two-headed ogre
  6291 | D:9      | Reached skill level 13 in Unarmed Combat
  6291 | D:9      | Reached skill level 5 in Invocations
  6357 | D:10     | Entered Level 10 of the Dungeon
  6373 | D:10     | Reached XP level 11. HP: 81/95 MP: 12/14
  6389 | D:10     | Upgraded the game from 0.22-a0-358-g7563fe7 to 0.22-a0-362-g535178c
  6402 | D:10     | Reached skill level 9 in Fighting
  6511 | D:10     | Found Zeqa's Antique Weapon Emporium.
  6611 | D:10     | Reached skill level 6 in Invocations
  7013 | D:11     | Found a shattered altar of Ashenzari.
  7096 | D:11     | Reached skill level 7 in Invocations
  7507 | D:11     | Reached skill level 10 in Fighting
  7753 | D:11     | Noticed a two-headed ogre
  7773 | D:11     | Killed a two-headed ogre
  7773 | D:11     | Reached skill level 8 in Invocations
  7784 | D:11     | Found Ulyqifory's Weapon Shop.
  7963 | D:12     | bazaar
  7963 | D:12     | damn
  8060 | D:12     | Reached skill level 5 in Dodging
  8080 | D:12     | Found a flickering gateway to a bazaar.
  8122 | D:12     | Killed an unseen horror
  8196 | Bazaar   | Entered a bazaar
  8208 | Bazaar   | Found Wud Goh's Assorted Antiques.
  8209 | Bazaar   | Found Pigocs's Gadget Shoppe.
  8241 | Bazaar   | Found Suptuta's Antique Weapon Emporium.
  8241 | Bazaar   | Found Voji's Food Emporium.
  8259 | Bazaar   | wow, it's absolute, total shit
  8286 | Bazaar   | Bought a fizzy black potion for 29 gold pieces
  8286 | Bazaar   | Bought a fizzy black potion for 29 gold pieces
  8286 | Bazaar   | Bought a scroll of identify for 66 gold pieces
  8478 | D:12     | Noticed a cyclops
  8516 | D:12     | Killed a cyclops
  8516 | D:12     | Reached XP level 12. HP: 59/107 MP: 17/17
  8555 | D:12     | Found a staircase to the Orcish Mines.
  8662 | D:12     | Reached skill level 9 in Invocations
  8673 | D:12     | Reached ****** piety under Lugonu
  8809 | D:13     | Noticed Frances
  8821 | D:13     | Noticed a two-headed ogre
  8860 | Orc:1    | Entered Level 1 of the Orcish Mines
  9089 | Lair:1   | Entered Level 1 of the Lair of Beasts
  9106 | D:9      | Reached skill level 6 in Dodging
  9140 | Lair:1   | Noticed a five-headed hydra
  9141 | Lair:1   | Banished a five-headed hydra
  9160 | Lair:1   | Reached skill level 11 in Fighting
  9178 | Lair:1   | Reached skill level 1 in Evocations
  9207 | Lair:1   | Reached skill level 14 in Unarmed Combat
  9304 | Lair:1   | Found a dark tunnel.
  9308 | Lair:1   | nooo rF+
  9309 | Volcano  | Entered a volcano
  9312 | Volcano  | hm
  9453 | Volcano  | Reached skill level 2 in Evocations
  9502 | Volcano  | holy shit
  9514 | Volcano  | i can't believe my luck
  9553 | Volcano  | no resistance tho
  9553 | Volcano  | Found a burning altar of Makhleb.
  9553 | Volcano  | Noticed a sun demon
  9554 | Volcano  | yikes
  9579 | Volcano  | i'm out
  9600 | Lair:1   | fucking sun demon
  9830 | Lair:1   | Reached skill level 3 in Evocations
 10215 | Lair:2   | Reached skill level 4 in Evocations
 10376 | Lair:2   | Reached skill level 12 in Fighting
 10401 | Lair:2   | Reached XP level 13. HP: 91/118 MP: 18/18
 10751 | Lair:3   | Reached skill level 5 in Evocations
 10820 | Lair:3   | Found a staircase to the Swamp.
 10839 | Lair:3   | Found a staircase to the Snake Pit.
 11210 | Lair:4   | Reached skill level 15 in Unarmed Combat
 11424 | Lair:5   | PLUS ONE EV
 11424 | Lair:5   | best ring
 11604 | Lair:5   | Noticed Josephine
 11620 | Lair:5   | Killed Josephine
 11873 | Lair:6   | Entered Level 6 of the Lair of Beasts
 11967 | Lair:6   | Reached skill level 6 in Evocations
 12043 | Lair:6   | HP: 21/119 [hell rat (13)]
 12456 | Lair:6   | Reached skill level 13 in Fighting
 12644 | Lair:6   | Reached skill level 7 in Dodging
 12816 | Lair:6   | Noticed a fire dragon
 12959 | Lair:6   | Reached XP level 14. HP: 106/129 MP: 19/19
 12977 | Lair:6   | Found a large runed door.
 12977 | Lair:6   | Found a large runed door.
 12986 | Lair:6   | eh, nothing really interesting here
 12986 | Lair:6   | potion is either invis, berserk or xp
 12986 | Lair:6   | probably berserk, ha ha
 13017 | Lair:6   | although on the off chance i'd get the armor
 13017 | Lair:6   | it'd be useful
 13017 | Lair:6   | but how do i not die to the dragon
 13037 | Lair:6   | Reached skill level 7 in Evocations
 13039 | Lair:6   | meh
 13050 | Lair:6   | it was berserk, of course
 13056 | Lair:6   | Identified the +4 arbalest "Iryirigy" {speed, rC+ Str+4 Stlth+} (You found it on level 6 of the Lair of Beasts)
 13057 | Lair:6   | speed huh
 13057 | Lair:6   | nah
 13802 | Orc:2    | Entered Level 2 of the Orcish Mines
 13968 | Orc:2    | Found a staircase to the Elven Halls.
 14120 | Orc:2    | Noticed Snorg
 14121 | Orc:2    | Banished Snorg
 14157 | Orc:2    | Reached skill level 16 in Unarmed Combat
 14193 | Orc:2    | Reached skill level 8 in Evocations
 14202 | Orc:2    | Reached skill level 14 in Fighting
 14522 | Orc:2    | Reached skill level 15 in Fighting
 14879 | Orc:2    | Found Pyffarec's Antique Armour Shoppe.
 14879 | Orc:2    | Found Tirih's Food Shop.
 14963 | Orc:2    | Found Seargh's Book Emporium.
 14963 | Orc:2    | Found Vihayd's Distillery.
 14973 | Orc:2    | Bought a potion of haste for 120 gold pieces
 14973 | Orc:2    | Bought a potion of invisibility for 96 gold pieces
 14973 | Orc:2    | Bought a potion of haste for 120 gold pieces
 14973 | Orc:2    | Bought 3 potions of heal wounds for 180 gold pieces
 14973 | Orc:2    | Bought a potion of might for 48 gold pieces
 14973 | Orc:2    | Bought a potion of curing for 36 gold pieces
 14974 | Orc:2    | Bought a pair of runed gloves for 270 gold pieces
 15042 | Orc:2    | Bought a shiny scale mail for 252 gold pieces
 15369 | D:13     | Learned a level 1 spell: Animate Skeleton
 15420 | D:13     | Reached skill level 8 in Dodging
 15420 | D:13     | Reached XP level 15. HP: 96/141 MP: 20/20
 15442 | D:13     | Found Egoteb's Magic Scroll Emporium.
 15465 | D:13     | Bought a scroll of teleportation for 33 gold pieces
 15465 | D:13     | Bought a scroll of teleportation for 33 gold pieces
 15465 | D:13     | Bought a scroll of teleportation for 33 gold pieces
 15545 | D:13     | Reached skill level 1 in Translocations
 15999 | D:14     | Reached skill level 2 in Translocations
 16297 | D:14     | Found a gate to the Vaults.
 16298 | D:14     | yikes
 16304 | D:14     | oh, a large shield
 16304 | D:14     | that's a bit too large for my aptitude and size though
 16304 | D:14     | for now at least
 16477 | D:14     | Reached skill level 2 in Armour
 16666 | D:14     | Reached skill level 17 in Unarmed Combat
 16741 | D:15     | Entered Level 15 of the Dungeon
 16756 | D:15     | HP: 26/141 [meliai/divine providence (15)]
 17266 | D:14     | Reached skill level 3 in Translocations
 17548 | D:15     | Reached skill level 3 in Armour
 17846 | D:15     | Found a staircase to the Depths.
 18100 | D:15     | sdfsdfsdf
 18100 | D:15     | used it on that shitty armor
 18100 | D:15     | fuck
 18323 | Swamp:1  | Entered Level 1 of the Swamp
 18324 | Swamp:1  | Upgraded the game from 0.22-a0-362-g535178c to 0.22-a0-367-gb72a975
 18520 | Swamp:1  | Reached skill level 4 in Armour
 18579 | Swamp:1  | Reached skill level 9 in Dodging
 18712 | Swamp:1  | Corrupted Swamp:1
 18712 | Swamp:1  | Noticed a profane servitor
 18712 | Swamp:1  | Noticed a bone dragon
 18741 | Swamp:1  | corrupt because of 3 spriggan riders
 18766 | Swamp:1  | Noticed a cacodemon
 18770 | Swamp:1  | Noticed a tentacled starspawn
 19065 | Swamp:1  | Identified the +2 hat of the Sneaky Songs {rF++ Dex+3} (You found it on level 1 of the Swamp)
 19066 | Swamp:1  | oh
 19156 | Swamp:2  | Reached skill level 4 in Translocations
 19180 | Swamp:2  | Reached XP level 16. HP: 129/150 MP: 21/21
 19299 | Swamp:2  | Reached skill level 5 in Armour
 19383 | Swamp:2  | Found a frozen archway.
 19422 | IceCv    | Entered an ice cave
 19539 | IceCv    | Identified the Compendium of Calling and the Rocks
 19586 | IceCv    | sunday laggssssss
 19633 | IceCv    | Reached skill level 16 in Fighting
 20002 | IceCv    | fiend or blizzard demon?
 20033 | IceCv    | 2 blizzards
 20245 | IceCv    | Identified Woofekk's Tome of Gliding Fire
 20620 | Swamp:2  | Reached skill level 6 in Armour
 20807 | Swamp:2  | Learned a level 2 spell: Corpse Rot
 21059 | Swamp:3  | Upgraded the game from 0.22-a0-367-gb72a975 to 0.22-a0-369-gc73351f
 21163 | Swamp:3  | Reached skill level 18 in Unarmed Combat
 21240 | Swamp:3  | Reached skill level 5 in Translocations
 21378 | Swamp:3  | >56% risk of failure
 21378 | Swamp:3  | >fails 6 times
 21378 | Swamp:3  | naturally
 21513 | Swamp:3  | Reached skill level 7 in Armour
 21815 | Swamp:4  | Entered Level 4 of the Swamp
 21941 | Swamp:4  | lerny
 22181 | Swamp:4  | Reached skill level 6 in Translocations
 22184 | Swamp:4  | Reached skill level 8 in Armour
 22362 | Swamp:4  | Noticed the 27-headed Lernaean hydra
 22369 | Swamp:4  | Corrupted Swamp:4
 22369 | Swamp:4  | Noticed a bone dragon
 22369 | Swamp:4  | Noticed a tentacled starspawn
 22374 | Swamp:4  | Killed the 27-headed Lernaean hydra
 22374 | Swamp:4  | Reached skill level 17 in Fighting
 22375 | Swamp:4  | yeah, i'm not going to risk it
 22375 | Swamp:4  | just corrupt this shit
 22399 | Swamp:4  | Noticed a bone dragon
 22447 | Swamp:4  | Got a decaying rune of Zot
 22650 | Snake:1  | Entered Level 1 of the Snake Pit
 22684 | Snake:1  | Reached XP level 17. HP: 139/161 MP: 22/22
 22733 | Snake:1  | Reached skill level 1 in Necromancy
 23034 | Snake:1  | Reached skill level 2 in Necromancy
 23302 | Snake:2  | Reached skill level 5 in Shields
 23404 | Snake:2  | Noticed Donald
 23408 | Snake:2  | donald with holy wrath, yikes
 23587 | Snake:2  | Reached skill level 6 in Shields
 23635 | Snake:2  | Noticed Roxanne
 23895 | Snake:2  | Killed Donald
 24048 | Snake:2  | Reached skill level 7 in Shields
 24219 | Snake:2  | Noticed Aizul
 24253 | Snake:3  | Found Vetruwora's Jewellery Emporium.
 24394 | Snake:3  | Bought a +2 amulet of reflection for 135 gold pieces
 24394 | Snake:3  | still better than what i have (nothing)
 24445 | Snake:3  | Reached skill level 8 in Shields
 24538 | Snake:3  | Identified the +2 ring mail of the Thinker {rF+ rC+++ Int-4 SInv} (You found it on level 3 of the Snake Pit)
 24539 | Snake:3  | ha ha
 24540 | Snake:3  | don't need it tbh
 24947 | Snake:4  | Entered Level 4 of the Snake Pit
 24976 | Snake:4  | Reached skill level 9 in Shields
 25234 | Snake:4  | Noticed Jorgrun
 25247 | Snake:4  | Killed Jorgrun
 25326 | Snake:4  | Reached skill level 10 in Shields
 25442 | Snake:4  | Learned a level 2 spell: Passwall
 25664 | Snake:4  | Reached XP level 18. HP: 169/169 MP: 23/23
 25882 | Snake:4  | Reached skill level 11 in Shields
 25985 | Snake:4  | the shouting begins
 25985 | Snake:4  | what's the point of having a vault with guardian serpents
 25985 | Snake:4  | if you can just lure everything out by shouting
 25985 | Snake:4  | and not having any fun at all while doing it
 26265 | Snake:4  | Reached skill level 12 in Shields
 26717 | Snake:4  | Reached skill level 13 in Shields
 27019 | Snake:4  | Noticed Agnes
 27021 | Snake:4  | Corrupted Snake:4
 27027 | Snake:4  | Killed Agnes
 27041 | Snake:4  | should've done this earlier and save time
 27041 | Snake:4  | (corrupt)
 27050 | Snake:4  | Noticed a lich
 27080 | Snake:4  | Got a serpentine rune of Zot
 27360 | D:8      | Bought 3 scrolls of teleportation for 126 gold pieces
 27512 | Vaults:1 | Entered Level 1 of the Vaults
 27513 | Vaults:1 | Upgraded the game from 0.22-a0-369-gc73351f to 0.22-a0-373-gab1296c
 27723 | Vaults:1 | holy shit half hp gone
 27723 | Vaults:1 | holy wrath warden
 27858 | Vaults:1 | Found Goowkag's Distillery.
 27924 | Vaults:1 | Bought a potion of might for 72 gold pieces
 27924 | Vaults:1 | Bought a potion of heal wounds for 90 gold pieces
 27924 | Vaults:1 | Bought a potion of haste for 180 gold pieces
 28200 | Vaults:1 | do i change +1 ring mail to a +0 chain mail?
 28200 | Vaults:1 | at least i'd have over 20 AC after switching shields
 28200 | Vaults:1 | geez
 28641 | Vaults:1 | Reached XP level 19. HP: 170/177 MP: 25/25
 28926 | Vaults:1 | Noticed Saint Roka
 28983 | Vaults:1 | Killed Saint Roka
 28983 | Vaults:1 | Reached skill level 14 in Shields
 28983 | Vaults:1 | Reached skill level 10 in Invocations
 29554 | Vaults:2 | Noticed a caustic shrike
 29554 | Vaults:2 | a vault warden changed into a caustic shrike
 29557 | Vaults:2 | Banished a caustic shrike
 29558 | Vaults:2 | nice polymorph
 29677 | Vaults:2 | Paralysed by a floating eye for 2 turns
 30819 | Vaults:2 | Found a staircase to the Crypt.
 30820 | Vaults:2 | Noticed a bone dragon
 30843 | Vaults:2 | Killed a bone dragon
 31133 | Vaults:3 | abyss will have SO MANY sentinels
 31239 | Vaults:3 | Reached skill level 11 in Invocations
 31331 | Vaults:3 | Reached skill level 18 in Fighting
 31331 | Vaults:3 | Reached skill level 15 in Shields
 31375 | Vaults:3 | Reached skill level 19 in Unarmed Combat
 31422 | Vaults:3 | Paralysed by a floating eye for 3 turns
 31647 | Vaults:3 | Found Afes's Jewellery Boutique.
 31664 | Vaults:3 | Bought the ring of Castahig {Ice MR++ Str+9 SInv Stlth-} for 1055 gold pieces
 31850 | Vaults:3 | Reached XP level 20. HP: 164/187 MP: 27/27
 32391 | Vaults:4 | Identified the cursed +1 leather armour "Amumn" {rPois rN+ Regen+ Dex-4} (You found it on level 4 of the Vaults)
 32503 | Vaults:4 | Reached skill level 9 in Armour
 32609 | Vaults:4 | HP: 35/188 [purple very ugly thing (13)]
 32612 | Vaults:4 | Reached skill level 10 in Dodging
 32614 | Vaults:4 | the magical wonders of MR 40
 32614 | Vaults:4 | when you are on low health, that is
 32614 | Vaults:4 | never otherwise
 32956 | Vaults:4 | Found a flickering gateway to a bazaar.
 32964 | Bazaar   | Entered a bazaar
 32964 | Bazaar   | Found Icseckut's Distillery.
 32964 | Bazaar   | Found Cejim's Assorted Antiques.
 32964 | Bazaar   | Found Puwkat's Assorted Antiques.
 32977 | Bazaar   | Bought a potion of haste for 110 gold pieces
 32977 | Bazaar   | Bought a potion of might for 44 gold pieces
 32977 | Bazaar   | Bought a potion of resistance for 110 gold pieces
 32977 | Bazaar   | Bought a potion of might for 44 gold pieces
 32979 | Bazaar   | Bought a potion of haste for 160 gold pieces
 32981 | Bazaar   | Bought a potion of ambrosia for 88 gold pieces
 33251 | Vaults:4 | Noticed a lich
 33251 | Vaults:4 | wow
 33255 | Vaults:4 | Reached skill level 1 in Spellcasting
 33300 | Vaults:4 | lightning bolt paralyze, best combo
 33347 | Vaults:4 | Killed a lich
 33688 | Vaults:4 | Reached skill level 10 in Armour
 33716 | Vaults:4 | Reached skill level 2 in Spellcasting
 34083 | Vaults:4 | wait wait nonononon
 34083 | Vaults:4 | don't wanna go there yet
 34298 | Elf:1    | Entered Level 1 of the Elven Halls
 34445 | Elf:1    | Found a magical portal.
 34454 | WizLab   | Entered Doroklohe's Tomb
 34455 | WizLab   | ugh
 34477 | WizLab   | undead
 34477 | WizLab   | i don't think i can handle greater mummies
 34518 | WizLab   | Reached skill level 20 in Unarmed Combat
 34518 | WizLab   | Reached XP level 21. HP: 195/195 MP: 28/28
 34549 | WizLab   | Noticed an ancient lich
 34550 | WizLab   | yeah
 34550 | WizLab   | time to go
 34884 | Elf:1    | Reached skill level 3 in Spellcasting
 35175 | Elf:2    | Found Meeneset's Book Shop.
 35546 | Elf:3    | Entered Level 3 of the Elven Halls
 35553 | Elf:3    | Found Kuodady's Book Shop.
 35618 | Elf:3    | Noticed Mara
 35620 | Elf:3    | aw crap
 35630 | Elf:3    | Killed Mara
 35703 | Elf:3    | Reached skill level 19 in Fighting
 35844 | Elf:3    | Reached skill level 7 in Translocations
 35930 | Elf:3    | Reached skill level 4 in Spellcasting
 36306 | Elf:3    | Got a brightly glowing golden amulet
 36307 | Elf:3    | Identified the amulet "Xiasishru" {rPois MR+ Regen+ Dex-2} (You took it off a deep elf demonologist on level 3 of the Elven Halls)
 36308 | Elf:3    | hm
 36308 | Elf:3    | so it's like more mr than i need anyway
 36308 | Elf:3    | and it's not a speedrun so i don't regen either
 36308 | Elf:3    | fuck it
 36348 | Elf:3    | Reached skill level 11 in Armour
 36355 | Elf:3    | Identified the +9 battleaxe of the Sea {chop, rPois} (You took it off a deep elf sorcerer on level 3 of the Elven Halls)
 36356 | Elf:3    | huh
 36530 | Elf:3    | Reached skill level 21 in Unarmed Combat
 36654 | Elf:3    | Learned a level 2 spell: Song of Slaying
 36659 | Elf:3    | Learned a level 4 spell: Passage of Golubria
 36663 | Elf:3    | Learned a level 3 spell: Lesser Beckoning
 36683 | Elf:3    | Identified the Volume of Translocation
 36695 | Elf:3    | Learned a level 1 spell: Apportation
 36700 | Elf:3    | Identified The Foundations of Thaumaturgy
 36703 | Elf:3    | Identified the +3 large shield of the Eight Boll Weevils {rC- rN++} (You found it on level 3 of the Elven Halls)
 36704 | Elf:3    | ehhhh
 37057 | Depths:1 | Entered Level 1 of the Depths
 37077 | Depths:1 | Found Itzar's One-of-a-Kind Books.
 37186 | Depths:1 | Reached XP level 22. HP: 149/205 MP: 29/29
 37209 | Depths:1 | it's like slime lite here, wtf
 37216 | Depths:1 | HP: 32/206 [acid blob (26)]
 37221 | Depths:1 | HP: 38/206 [acid (1)]
 37256 | Depths:1 | i'm a fucking retard
 37513 | Depths:1 | Found Buoluw's Gadget Emporium.
 37514 | Depths:1 | Found Fetemoraczo's Jewellery Shop.
 37514 | Depths:1 | Found Warchaduips's Jewellery Shop.
 37520 | Depths:1 | str+5 int+7 dex+4 ring
 37520 | Depths:1 | 900 gold short tho
 38104 | Depths:1 | first scroll of fog in the game
 38230 | Depths:1 | Found a gateway to Hell.
 38488 | Depths:2 | Reached skill level 12 in Armour
 38493 | Depths:2 | spriggan druid in depths?
 38493 | Depths:2 | huh
 38701 | Depths:2 | Found Owkeb's Food Emporium.
 38744 | Depths:2 | Reached skill level 22 in Unarmed Combat
 39163 | Depths:2 | Reached skill level 20 in Fighting
 39484 | Depths:3 | Reached skill level 8 in Translocations
 39770 | Depths:3 | holy wrath on ettin, ha ha
 39781 | Depths:3 | Noticed a juggernaut
 39792 | Depths:3 | Noticed a caustic shrike
 39797 | Depths:3 | Killed a juggernaut
 39797 | Depths:3 | Reached skill level 9 in Evocations
 39811 | Depths:3 | Killed a caustic shrike
 39821 | Depths:3 | Reached XP level 23. HP: 116/217 MP: 30/30
 39982 | Depths:3 | Noticed a golden dragon
 39993 | Depths:3 | Killed a golden dragon
 40096 | Depths:3 | Reached skill level 10 in Evocations
 40178 | Depths:3 | Reached skill level 1 in Transmutations
 40178 | Depths:3 | Reached skill level 1 in Earth Magic
 40318 | Depths:4 | Reached skill level 2 in Earth Magic
 40379 | Depths:4 | Reached skill level 2 in Transmutations
 40405 | Depths:4 | Reached skill level 21 in Fighting
 40445 | Depths:4 | Reached skill level 3 in Earth Magic
 40517 | Depths:4 | Found a one-way gate to the infinite horrors of the Abyss.
 40546 | Depths:4 | Reached skill level 3 in Transmutations
 40633 | Depths:4 | Reached skill level 4 in Earth Magic
 40651 | Depths:4 | Identified the +3 leather armour of Honour {rC+ MR+ Str+3 Int+3} (You found it on level 4 of the Depths)
 40674 | Depths:4 | Noticed a golden dragon
 40678 | Depths:4 | Killed a golden dragon
 40686 | Depths:4 | Found a one-way gate leading to the halls of Pandemonium.
 40773 | Depths:4 | Noticed a golden dragon
 40793 | Depths:4 | Killed a golden dragon
 40803 | Depths:4 | Reached skill level 4 in Transmutations
 40879 | Depths:4 | Reached skill level 5 in Earth Magic
 41303 | Depths:5 | Entered Level 5 of the Depths
 41307 | Depths:5 | Reached skill level 5 in Transmutations
 41318 | Depths:5 | Reached skill level 6 in Earth Magic
 41366 | Depths:5 | Reached XP level 24. HP: 196/228 MP: 30/30
 41551 | Depths:5 | Found a gate to the Realm of Zot.
 41593 | Depths:5 | Noticed a caustic shrike
 41595 | Depths:5 | wtf
 41627 | Depths:5 | Killed a caustic shrike
 41725 | Depths:5 | Reached skill level 7 in Earth Magic
 42010 | Depths:5 | Reached skill level 6 in Transmutations
 42179 | Depths:1 | Bought the ring of Tohioxou {Str+5 Int+7 Dex+4} for 1426 gold pieces
 42490 | Depths:5 | Noticed Mennas
 42490 | Depths:5 | ha ha
 42759 | Vaults:5 | Entered Level 5 of the Vaults
 42761 | Vaults:5 | Noticed Frederick
 42963 | Vaults:5 | Reached skill level 9 in Translocations
 43049 | Vaults:5 | Identified the +3 glaive of Attainder {chop, rElec} (You took it off a vault warden on level 5 of the Vaults)
 43152 | Vaults:5 | Identified the Tome of Bewitchment
 43219 | Vaults:5 | Reached skill level 23 in Unarmed Combat
 43231 | Vaults:5 | Learned a level 1 spell: Summon Butterflies
 43253 | Vaults:5 | Killed Frederick
 43275 | Vaults:5 | Reached skill level 1 in Summonings
 43376 | Vaults:5 | Reached skill level 22 in Fighting
 43435 | Vaults:5 | Reached skill level 10 in Translocations
 43491 | Vaults:5 | Reached skill level 2 in Summonings
 43659 | Vaults:5 | Reached skill level 11 in Dodging
 43758 | Vaults:5 | Reached XP level 25. HP: 186/238 MP: 30/30
 43763 | Vaults:5 | Reached skill level 3 in Summonings
 43978 | Vaults:5 | Reached skill level 11 in Translocations
 44066 | Vaults:5 | Reached skill level 4 in Summonings
 44383 | Vaults:5 | Reached skill level 5 in Summonings
 44890 | Vaults:5 | Got a silver rune of Zot
 44891 | Vaults:5 | this shit again
 44891 | Vaults:5 | rune hidden under items and not highlighted
 44918 | Vaults:5 | Reached skill level 6 in Summonings
 45500 | Lair:5   | Found a runed door.
 45500 | Lair:5   | Found a viscous altar of Jiyva.
 45501 | Lair:5   | Found a staircase to the Slime Pits.
 45528 | Slime:1  | Entered Level 1 of the Pits of Slime
 45699 | Lair:5   | Reached skill level 12 in Dodging
 46437 | Slime:5  | Entered Level 5 of the Pits of Slime
 46747 | Slime:5  | Found a viscous altar of Jiyva.
 46790 | Slime:5  | Noticed the Royal Jelly
 46806 | Slime:5  | Killed the Royal Jelly
 46806 | Slime:5  | Reached skill level 11 in Evocations
 46806 | Slime:5  | Reached XP level 26. HP: 216/247 MP: 30/30
 47397 | Slime:5  | Found the ring of Robustness {AC+8}
 47424 | Slime:5  | Identified the +4 glaive of the Puffball {speed, rPois rF+ Dex+4} (You found it on level 5 of the Pits of Slime)
 47431 | Slime:5  | Identified Jizas's Tome of Destructive Talismans
 47484 | Slime:5  | Identified the +10 long sword "Hanemuba" {slice, Int+5} (You found it on level 5 of the Pits of Slime)
 47506 | Slime:5  | Got a slimy rune of Zot
 47950 | Crypt:1  | Entered Level 1 of the Crypt
 48182 | Crypt:1  | Noticed Margery
 48231 | Crypt:1  | Killed Margery
 48706 | Crypt:1  | Reached skill level 23 in Fighting
 48788 | Crypt:2  | Reached skill level 24 in Unarmed Combat
 49167 | Crypt:3  | Entered Level 3 of the Crypt
 49342 | Crypt:3  | Found a staircase to the Tomb.
 50022 | Crypt:3  | Found an ancient bone altar of Kikubaaqudgha.
 50238 | Crypt:3  | Reached skill level 1 in Stealth
 50304 | Crypt:3  | great loot so far
 50330 | Crypt:3  | Found the +6 shillelagh "Devastator" {shatter}
 50333 | Crypt:3  | why is this ending always so shitty
 50350 | Crypt:3  | Identified the +1 robe of Tiesch {Regen+ Int+4} (You found it on level 3 of the Crypt)
 50461 | Crypt:3  | Reached XP level 27. HP: 256/256 MP: 30/30
 50511 | Crypt:3  | Reached skill level 2 in Stealth
 50603 | Tomb:1   | Entered Level 1 of the Tomb of the Ancients
 50604 | Tomb:1   | no, i'm not doing tomb
 50604 | Tomb:1   | not now, at least
 50614 | Tomb:1   | only clear W1
 50614 | Tomb:1   | and go away
 50654 | Tomb:1   | Found the +5 pair of quick blades "Gyre" and "Gimble" {pierce, Dex-3}
 50761 | Tomb:1   | Reached skill level 3 in Stealth
 50779 | Tomb:1   | nice lags btw
 50806 | Tomb:1   | Reached skill level 24 in Fighting
 50832 | Tomb:1   | Reached skill level 4 in Stealth
 50963 | Tomb:1   | Reached skill level 5 in Stealth
 51015 | Tomb:1   | Reached skill level 25 in Unarmed Combat
 51017 | Tomb:1   | Noticed a greater mummy
 51032 | Tomb:1   | Killed a greater mummy
 51065 | Tomb:1   | Noticed a greater mummy
 51081 | Tomb:1   | Killed a greater mummy
 51086 | Tomb:1   | Reached skill level 6 in Stealth
 51237 | Tomb:1   | Noticed a greater mummy
 51253 | Tomb:1   | T A C T I C S
 51315 | Tomb:1   | Killed a greater mummy
 51603 | Tomb:1   | oh, stopped lagging
 51732 | Tomb:1   | Noticed Boris
 51733 | Tomb:1   | y i k e s
 51739 | Tomb:1   | Killed Boris
 51747 | Tomb:1   | anticlamitc
 51747 | Tomb:1   | anticlimatic
 52454 | Depths:1 | Bought a sack of spiders for 440 gold pieces
 52454 | Depths:1 | Bought a wand of acid (8) for 528 gold pieces
 52454 | Depths:1 | Bought a sack of spiders for 440 gold pieces
 52581 | Zot:1    | Entered Level 1 of the Realm of Zot
 53708 | Zot:1    | Reached skill level 25 in Fighting
 53723 | Zot:1    | Noticed Tiamat
 53788 | Zot:1    | ok, iirc tiamat is pretty tough
 53813 | Zot:1    | Killed Tiamat
 53816 | Zot:1    | eh, expected better
 53816 | Zot:1    | cloak's nice tho
 54028 | Zot:1    | Identified Zudoho Uklu's Disquisition on the Cankerous Rocks
 54069 | Zot:1    | Identified the +1 robe of Creativity {rElec rC+ MR- Int+2} (You found it on level 1 of the Realm of Zot)
 54294 | Zot:2    | Noticed an orb of fire
 54342 | Zot:2    | Reached skill level 26 in Unarmed Combat
 54471 | Zot:2    | Reached skill level 13 in Armour
 54911 | Zot:3    | Identified the +5 broad axe of Compound Interest {holy, rC++ rN+} (You found it on level 3 of the Realm of Zot)
 55176 | Zot:3    | Reached skill level 16 in Shields
 55205 | Zot:3    | Identified a scroll of acquirement
 55208 | Zot:3    | Identified the +2 pair of boots of the Many Tales {*Corrode Regen+ Dex+2} (You acquired it on level 3 of the Realm of Zot)
 55209 | Zot:3    | sdfsfsdfs
 55209 | Zot:3    | change *corrode to rcorr plz
 55222 | Zot:3    | ok, let's see how badly it will fuck me up
 56590 | Zot:4    | Reached skill level 26 in Fighting
 56851 | Zot:5    | Entered Level 5 of the Realm of Zot
 56963 | Zot:5    | Reached skill level 27 in Unarmed Combat
 56964 | Zot:5    | middleweight champion!
 56987 | Zot:5    | Reached skill level 14 in Armour
 57218 | Zot:5    | Noticed an orb of fire
 57242 | Zot:5    | Noticed an ancient lich
 57267 | Zot:5    | Killed an ancient lich
 57273 | Zot:5    | Killed an orb of fire
 57338 | Zot:5    | Noticed an orb of fire
 57361 | Zot:5    | Killed an orb of fire
 57367 | Zot:5    | 27 UC is pretty good at killing orbs, who would've thought
 57446 | Zot:5    | Noticed an orb of fire
 57459 | Zot:5    | Killed an orb of fire
 57471 | Zot:5    | Noticed an orb of fire
 57489 | Zot:5    | Killed an orb of fire
 57489 | Zot:5    | Reached skill level 17 in Shields
 57549 | Zot:5    | Noticed an ancient lich
 57577 | Zot:5    | Killed an ancient lich
 57591 | Zot:5    | Reached skill level 27 in Fighting
 57736 | Zot:5    | Noticed an orb of fire
 57753 | Zot:5    | Killed an orb of fire
 57886 | Zot:5    | Noticed an orb of fire
 57903 | Zot:5    | Killed an orb of fire
 57927 | Zot:5    | it's great i don't have quaff anything for orbs
 57927 | Zot:5    | will help in extended
 57959 | Zot:5    | Reached skill level 1 in Throwing
 58005 | Zot:5    | Reached skill level 2 in Throwing
 58024 | Zot:5    | Reached skill level 3 in Throwing
 58045 | Zot:5    | Reached skill level 4 in Throwing
 58084 | Zot:5    | Reached skill level 5 in Throwing
 58145 | Zot:5    | Reached skill level 6 in Throwing
 58203 | Zot:5    | Noticed an orb of fire
 58203 | Zot:5    | Noticed an ancient lich
 58228 | Zot:5    | Killed an orb of fire
 58228 | Zot:5    | Reached skill level 7 in Throwing
 58242 | Zot:5    | Killed an ancient lich
 58242 | Zot:5    | Reached skill level 8 in Throwing
 58334 | Zot:5    | Reached skill level 9 in Throwing
 58351 | Zot:5    | Noticed an ancient lich
 58367 | Zot:5    | Killed an ancient lich
 58753 | D:13     | Killed Frances
 58753 | D:13     | Reached skill level 15 in Armour
 58861 | D:11     | Bought 8 needles of confusion for 56 gold pieces
 59050 | Depths:4 | i'm going to SO enjoy this
 59051 | Pan      | Entered Pandemonium
 59153 | Pan      | Noticed Pepyh the pandemonium lord
 59159 | Pan      | Got a demonic rune of Zot
 59199 | Pan      | Killed Pepyh the pandemonium lord
 59199 | Pan      | Reached skill level 10 in Throwing
 59281 | Pan      | well this at least saves me from doing holy pan
 59383 | Pan      | Entered the realm of Cerebov.
 59384 | Pan      | wait
 59384 | Pan      | did this place right in the castle
 59384 | Pan      | pfff
 59385 | Pan      | Got a crude bronze ring
 59386 | Pan      | Identified the ring of the Demon Prince {rElec rC+ Dex+2 Stlth+} (You found it in Pandemonium)
 59387 | Pan      | oh!
 59387 | Pan      | relec
 59387 | Pan      | how nice
 59387 | Pan      | though why would i want to wear this
 59394 | Pan      | Identified the Almanac of the Harmful Volcanoes
 59418 | Pan      | Reached skill level 13 in Dodging
 59509 | Pan      | Noticed Cerebov
 59524 | Pan      | Reached skill level 12 in Invocations
 59544 | Pan      | Killed Cerebov
 59591 | Pan      | Got a fiery rune of Zot
 59624 | Pan      | Identified the +6 plate armour of the Raven {Stlth+} (You found it in Pandemonium)
 59674 | Pan      | Reached skill level 1 in Charms
 59693 | Pan      | Reached skill level 2 in Charms
 59900 | Pan      | Reached skill level 3 in Charms
 59939 | Pan      | Reached skill level 4 in Charms
 60044 | Pan      | Found an exit through the horrors of the Abyss.
 60200 | Pan      | Reached skill level 5 in Charms
 60278 | Pan      | Reached skill level 6 in Charms
 60280 | Pan      | Noticed Sunialixa the pandemonium lord
 60491 | Pan      | Reached skill level 7 in Charms
 60982 | Pan      | Found an exit through the horrors of the Abyss.
 61136 | Pan      | Reached skill level 11 in Throwing
 61299 | Pan      | Reached skill level 13 in Invocations
 61343 | Pan      | Noticed Nok Poqane the pandemonium lord
 61347 | Pan      | HP: 34/273 [Nok Poqane the pandemonium lord/dispel undead (69)]
 61861 | Pan      | Reached skill level 16 in Armour
 61984 | Pan      | Reached skill level 14 in Dodging
 62385 | Pan      | Noticed Veach the pandemonium lord
 62406 | Pan      | Killed Veach the pandemonium lord
 62406 | Pan      | Reached skill level 12 in Throwing
 62407 | Pan      | everything has dispel undead here
 62422 | Pan      | Reached skill level 14 in Invocations
 62462 | Pan      | Entered the realm of Mnoleg.
 62463 | Pan      | oh boy
 62463 | Pan      | i'll leave this stat draining galore for later
 62463 | Pan      | as in, real time, not game time ofc
 62464 | Pan      | i want magic mapping in this shit
 62485 | Pan      | maybe i should spam invis here, dunno
 62495 | Pan      | jesus fuck
 62573 | Pan      | 3 scrolls of summoning, noice
 62600 | Pan      | -7 total now
 62611 | Pan      | -8
 62618 | Pan      | Noticed Mnoleg
 62640 | Pan      | Killed Mnoleg
 62679 | Pan      | Got a glowing rune of Zot
 62721 | Pan      | -8 still, including -6 int
 62798 | Pan      | Entered the realm of Gloorx Vloq.
 62921 | Pan      | Noticed Gloorx Vloq
 62921 | Pan      | shit
 62939 | Pan      | Killed Gloorx Vloq
 62940 | Pan      | good
 62980 | Pan      | Got a dark rune of Zot
 63053 | Pan      | Noticed Daatroum the pandemonium lord
 63054 | Pan      | now that's yikes material if i ever saw one
 63257 | Pan      | Reached skill level 15 in Dodging
 63317 | Pan      | Reached skill level 15 in Invocations
 63342 | Pan      | Reached skill level 13 in Throwing
 63342 | Pan      | Reached skill level 17 in Armour
 63376 | Pan      | Killed Daatroum the pandemonium lord
 63885 | Pan      | Entered the realm of Lom Lobon.
 63885 | Pan      | Noticed Lom Lobon
 63886 | Pan      | here it is, the YIKES factor
 63886 | Pan      | friendly reminder that i need to quaff res here
 63895 | Pan      | Got a magical rune of Zot
 63907 | Pan      | ...?
 63907 | Pan      | why aren't they opening the door?
 63910 | Pan      | the fuck
 63934 | Pan      | Killed Lom Lobon
 63966 | Pan      | Found an exit through the horrors of the Abyss.
 63986 | Pan      | Took an exit into the Abyss.
 63986 | Abyss:1  | Escaped into the Abyss
 64393 | Abyss:4  | uhh
 64393 | Abyss:4  | holy vault
 64427 | Abyss:4  | Found a glowing golden altar of the Shining One.
 64457 | Abyss:4  | Noticed a juggernaut
 64469 | Abyss:4  | Killed a juggernaut
 64471 | Abyss:4  | Got an abyssal rune of Zot
 64476 | Depths:4 | Escaped the Abyss
 64508 | Hell     | Entered the Vestibule of Hell
 64529 | Hell     | Noticed Geryon
 64567 | Hell     | Noticed an ancient lich
 64585 | Depths:4 | Reached skill level 16 in Invocations
 64775 | Depths:4 | Killed an ancient lich
 64949 | Hell     | Killed Geryon
 64949 | Hell     | Reached skill level 12 in Evocations
 64960 | Hell     | Reached skill level 14 in Throwing
 64997 | Hell     | Found a gateway to the decaying netherworld of Tartarus.
 65007 | Tar:1    | Entered Level 1 of Tartarus
 65088 | Tar:1    | Learned a level 3 spell: Regeneration
 65126 | Tar:1    | Reached skill level 3 in Necromancy
 65187 | Tar:1    | Reached skill level 4 in Necromancy
 65299 | Tar:2    | Reached skill level 5 in Necromancy
 65307 | Tar:2    | i didn't know you can cast regen as a ghoul
 65307 | Tar:2    | or forgot
 65348 | Tar:2    | Reached skill level 6 in Necromancy
 65382 | Tar:2    | Reached skill level 7 in Necromancy
 65426 | Tar:2    | Reached skill level 8 in Necromancy
 65501 | Tar:2    | Reached skill level 9 in Necromancy
 65658 | Tar:4    | Reached skill level 10 in Necromancy
 65895 | Tar:6    | Reached skill level 16 in Dodging
 65981 | Tar:7    | Entered Level 7 of Tartarus
 66388 | Tar:7    | Reached skill level 18 in Armour
 66393 | Tar:7    | Found the +3 crown of Dyrovepreva {rElec Int+2 SInv}
 66687 | Tar:7    | Noticed Ereshkigal
 66714 | Tar:7    | Killed Ereshkigal
 66761 | Tar:7    | Reached skill level 17 in Invocations
 66788 | Tar:7    | Noticed the Serpent of Hell
 66817 | Tar:7    | Killed the Serpent of Hell
 66823 | Tar:7    | ok, another stupid shit off the list
 66867 | Tar:7    | Got a bone rune of Zot
 66936 | Tar:7    | Reached skill level 13 in Evocations
 67511 | Hell     | Reached skill level 15 in Throwing
 67525 | Hell     | Found a gateway to the ashen valley of Gehenna.
 67531 | Geh:1    | Entered Level 1 of Gehenna
 67947 | Geh:3    | Reached skill level 11 in Necromancy
 68225 | Geh:4    | Reached skill level 12 in Necromancy
 68586 | Geh:4    | Reached skill level 13 in Necromancy
 69103 | Geh:6    | Reached skill level 14 in Necromancy
 69105 | Geh:6    | Reached skill level 5 in Spellcasting
 69254 | Geh:6    | this looks like a vault and i don't like it
 69600 | Geh:6    | Reached skill level 6 in Spellcasting
 69678 | Geh:6    | eh, wasn't nearly as bad
 69678 | Geh:6    | wait
 69678 | Geh:6    | two hell knights in two small rooms, invisible monsters around, star shape
 69678 | Geh:6    | it's a fucking ending to the first episode of the first doom, isn't it
 69694 | Geh:7    | Entered Level 7 of Gehenna
 69699 | Geh:7    | Reached skill level 15 in Necromancy
 70090 | Geh:7    | Reached skill level 7 in Spellcasting
 70165 | Geh:7    | Learned a level 8 spell: Infestation
 70253 | Geh:7    | Reached skill level 16 in Necromancy
 70340 | Geh:7    | Noticed Asmodeus
 70624 | Geh:7    | Identified the cursed +0 lajatang "Eralopp" {slice, Str+4 Int+3} (You found it on level 7 of Gehenna)
 70668 | Geh:7    | Killed Asmodeus
 70668 | Geh:7    | Reached skill level 8 in Spellcasting
 70692 | Geh:7    | Got an obsidian rune of Zot
 70719 | Geh:7    | Reached skill level 17 in Necromancy
 70914 | Hell     | Found a gateway to the Iron City of Dis.
 70923 | Dis:1    | Entered Level 1 of the Iron City of Dis
 70924 | Dis:1    | TIME FOR TROUBLE
 71349 | Dis:4    | Reached skill level 9 in Spellcasting
 71654 | Dis:4    | Reached skill level 18 in Necromancy
 72126 | Dis:6    | i'm stupid
 72134 | Dis:6    | Reached skill level 10 in Spellcasting
 72148 | Dis:6    | or blind, or both
 72166 | Dis:7    | Entered Level 7 of the Iron City of Dis
 72167 | Dis:7    | oh boy oh boy
 72265 | Dis:7    | Reached skill level 19 in Necromancy
 72652 | Dis:7    | Identified the ring of Spite {rElec rC+ Stlth+} (You found it on level 7 of the Iron City of Dis)
 72738 | Dis:7    | Reached skill level 11 in Spellcasting
 72770 | Dis:7    | Reached skill level 20 in Necromancy
 72915 | Dis:7    | Noticed Dispater
 72962 | Dis:7    | Killed Dispater
 73031 | Dis:7    | Got an iron rune of Zot
 73167 | Hell     | Found a gateway to the freezing wastes of Cocytus.
 73209 | Hell     | plz no insane shard shrike packs
 73211 | Coc:1    | Entered Level 1 of Cocytus
 73448 | Coc:3    | Reached skill level 21 in Necromancy
 74038 | Coc:6    | Reached skill level 22 in Necromancy
 74065 | Coc:7    | Entered Level 7 of Cocytus
 74066 | Coc:7    | wow, normally i'd be really fucking annoyed
 74066 | Coc:7    | but ice fiends only tickle me
 74066 | Coc:7    | so this layout is fine
 74253 | Coc:7    | yawn
 74349 | Coc:7    | Reached skill level 23 in Necromancy
 74705 | Coc:7    | Noticed Antaeus
 74736 | Coc:7    | Reached skill level 24 in Necromancy
 74775 | Hell     | Learned a level 5 spell: Dispel Undead
 75126 | Tomb:1   | i actually forgot to pick it up
 75126 | Tomb:1   | geez
 75656 | Coc:5    | Noticed an ancient lich
 75672 | Coc:7    | pfft
 75672 | Coc:7    | ok, round two
 75772 | Coc:7    | Killed Antaeus
 75803 | Coc:7    | Got an icy rune of Zot
 75804 | Coc:7    | ok
 75804 | Coc:7    | this was silly
 76360 | Tomb:2   | Noticed an ancient lich
 76368 | Tomb:2   | Killed an ancient lich
 76387 | Tomb:2   | Noticed a greater mummy
 76394 | Tomb:2   | Noticed a greater mummy
 76479 | Tomb:2   | NICE ZOT TRAP
 76479 | Tomb:2   | fuck
 76504 | Tomb:2   | tengu reaver?
 76504 | Tomb:2   | oh, sojobo?
 76504 | Tomb:2   | great
 76557 | Tomb:2   | Killed a greater mummy
 76631 | Tomb:2   | Noticed Sojobo
 76648 | Tomb:2   | Killed Sojobo
 76649 | Tomb:2   | Killed a greater mummy
 76687 | Tomb:2   | Noticed a greater mummy
 76711 | Tomb:2   | Killed a greater mummy
 76739 | Tomb:2   | Reached skill level 12 in Spellcasting
 76812 | Tomb:2   | Reached skill level 25 in Necromancy
 76986 | Tomb:3   | Entered Level 3 of the Tomb of the Ancients
 77050 | Tomb:3   | wow, this spell really IS retarded
 77050 | Tomb:3   | like, absolutely
 77053 | Tomb:3   | 16 friendly death scarabs
 77053 | Tomb:3   | wew
 77057 | Tomb:3   | Noticed a greater mummy
 77058 | Tomb:3   | Noticed a greater mummy
 77060 | Tomb:3   | Noticed a greater mummy
 77080 | Tomb:3   | Noticed a greater mummy
 77093 | Tomb:3   | Killed a greater mummy
 77103 | Tomb:3   | Noticed a greater mummy
 77116 | Tomb:3   | Killed a greater mummy
 77131 | Tomb:3   | Noticed an ancient lich
 77144 | Tomb:3   | Killed an ancient lich
 77148 | Tomb:3   | Noticed a greater mummy
 77196 | Tomb:3   | Got a golden rune of Zot
 77214 | Tomb:3   | Noticed a greater mummy
 77215 | Tomb:3   | Killed a greater mummy
 77223 | Tomb:3   | Killed a greater mummy
 77231 | Tomb:3   | Noticed a greater mummy
 77237 | Tomb:3   | Killed a greater mummy
 77243 | Tomb:3   | Killed a greater mummy
 77243 | Tomb:3   | Reached skill level 13 in Spellcasting
 77254 | Tomb:3   | Killed a greater mummy
 77447 | Tomb:3   | Identified The Last Grimoire of the Deep Elf Lorekeeper
 77483 | Tomb:3   | Identified the Compendium of the Boosting Traveller
 77487 | Tomb:3   | Identified the ring of Past Mistakes {*Tele Str+3} (You found it on level 3 of the Tomb of the Ancients)
 77490 | Tomb:3   | Identified the Reference Book on the Oath and Moulding
 78031 | Depths:5 | time for the final battle
 78031 | Depths:5 | mennas you shit where are you
 78032 | Depths:5 | Found a gateway to a ziggurat.
 78101 | Depths:5 | Corrupted Depths:5
 78104 | Depths:5 | Reached skill level 26 in Necromancy
 78108 | Depths:5 | have fun you little shit
 78113 | Depths:5 | Killed Mennas
 78375 | Zot:5    | Got the Orb of Zot
 78879 | D:7      | Killed Leszczynek's ghost
 78959 | D:3      | Noticed Natasha
 79007 | D:2      | i'm taking my cat with me
 79062 | D:$      | Escaped with the Orb!

Vault maps used:
D:1:      saegor_arrival_fortress
D:2:      minmay_roachtagon, nicolae_overflow_hidden_temple,
          grunt_gozag_statues, kiku_gazebo_pond_becter,
          yredelemnul_altar_generic, uniq_natasha, uniq_sigmund
D:3:      lemuel_crystal_altar, kennysheep_generic_room_16
D:4:      grunt_temple_overflow_forces_of_nature, first_ration
D:6:      overflow_temple_1_default, minmay_temple_entry_purple_smoke
D:7:      st_stairs_5, grunt_livestock, nicolae_sextant, okawaru_humans
D:8:      serial_shops, nicolae_shop_behind_doors, guppyfry_early_elven_hall,
          uniq_grum, uniq_joseph, uniq_prince_ribbit1
D:9:      old_standard_altar, minmay_lair_entry_lava, hex_large
D:10:     serial_shops, nicolae_shop_trees
D:11:     serial_shops, nicolae_shop_crystal, evilmike_ruin_ashenzari
D:12:     zombieorc1_lemuel, serial_shops, bzr_entry_lakeside
D:13:     serial_shops, nicolae_shop_waterfront, uniq_frances
D:14:     erik_vaults_2, serial_park_tiny_2, hangedman_abyss_or_decor_clamps,
          serial_bayou_pond_d, grunt_decor_mini_mirrors, roderic_st_hans_cross,
          minmay_door_square, kennysheep_nondescript
D:15:     grunt_enter_depths_magical_seal,
          hangedman_abyss_or_decor_jellyfish_corner
Lair:1:   enter_volcano_4, dpeg_stationary_puzzle
Lair:2:   basic_altar, eino_house_with_fridge, uniq_fannar
Lair:3:   swamp_mist, guppyfry_snake_entry_garden, minivault_26,
          kennysheep_catoblepas_arena
Lair:4:   minmay_lair_oklob_chamber, infiniplex_staircase_pool_2,
          lemuel_fruit_fields
Lair:5:   slime_altar_2, grunt_megastairs_1, uniq_josephine
Lair:6:   cheibrodos_lair_end_hotspot, serial_bayou_shore_a
Swamp:1:  hangedman_swamp_ruin_wall
Swamp:2:  portal_ice_cave_entry_dragon, evilmike_swamp_ruin_house_3, swamp_pool3
Swamp:3:  evilmike_swamp_ruin_house_4, swamp_pool2, ldierk_geyser
Swamp:4:  grunt_swamp_rune_castle
Snake:2:  lemuel_fruit_tree, uniq_donald, uniq_roxanne, uniq_aizul
Snake:3:  serial_shops, nicolae_shop_stone
Snake:4:  grunt_snake_rune_serpentine_throne, uniq_jorgrun, uniq_agnes
Slime:1:  basic_altar
Slime:3:  cheibrodos_slime_lost_civilization_1,
          cheibrodos_slime_lost_civilization_6
Orc:2:    st_orc_ogre_mass, uniq_snorg
Elf:1:    mu_enter_wizlab_3, kennysheep_underground_church, amethyst_killhole
Elf:2:    serial_shops, nicolae_shop_behind_doors
Elf:3:    minmay_elf_hall_curves, serial_shops, nicolae_shop_statue_plus,
          uniq_mara
Vaults:1: v_alt_pattern_4, nicolae_vaults_ring_of_whatevers,
          vaults_room_door_ring, hangedman_vaults_cutoff, v_misc_4,
          ontoclasm_vaults_chip, vaults_dpeg_doors,
          nicolae_vaults_yaktaur_gun_rack, serial_shops, shop, uniq_saint_roka
Vaults:2: minmay_crypt_entry_nasty_monster, v_misc_18, hangedman_vaults_snaps,
          st_cross, v_misc_9, v_misc_17, ontoclasm_vaults_pinch
Vaults:3: grunt_vaults_twisty, v_alt_pattern_3, hangedman_vaults_corner,
          nicolae_vaults_theta, nicolae_vaults_murderbox,
          vaults_dpeg_encased_lava, grunt_vaults_hallway_short,
          ontoclasm_vaults_decontamination, ontoclasm_vaults_loading_screen,
          vaults_mumra_hex, nicolae_vaults_sealed_display,
          nicolae_vaults_rhombus_6, hangedman_vaults_trim, serial_shops,
          nicolae_shop_statue_plus
Vaults:4: hangedman_vaults_variations, hangedman_vaults_pinch,
          nicolae_vaults_little_squares_3, st_more_cells, vaults_dpeg_diagonal,
          grunt_vaults_funnel, grunt_vaults_focal, vaults_room_stairs_pillars,
          vaults_room_corners, v_misc_4, serial_shops, bzr_entry_water
Vaults:5: uniq_frederick
Crypt:1:  minivault_23, st_stairs_7, grunt_ministairs_3, uniq_margery
Crypt:3:  church_of_pain_bobbens, tomb_entry_sphere_bobbens
Tomb:1:   uniq_boris
Tomb:2:   uniq_sojobo
Depths:1: special_room, kennysheep_minor_cross, grunt_hell_horde,
          nicolae_rare_books, minmay_shop_grove, grunt_megastairs_3
Depths:2: minmay_spriggan_fort, serial_shops, shop, nicolae_benzene_ring,
          pf_hell_entry_great_geh
Depths:3: minmay_crescents, grunt_hell_entry_dis_mu, minmay_stone_trees_small,
          grunt_pan_entry_sceptre
Depths:4: hangedman_crystal_crosses_colossus, hell_entry, pan_entry, abyss_entry
Depths:5: grunt_zot_entry_funnels, enter_ziggurat_b, abyss_entry_crystal,
          hell_entry, minmay_misc_feat_four_crosses, grunt_tough_drop,
          uniq_mennas
Dis:3:    hangedman_dis_decor_blocks_talon
Dis:4:    evilmike_ambush
Dis:5:    hangedman_player_shredder
Dis:7:    iron_city_of_dis
Geh:6:    grunt_bruiser_brothers
Geh:7:    geh_grunt
Coc:2:    door_vault
Coc:4:    door_vault
Coc:7:    coc_dpeg
Tar:2:    nicolae_tar_cuneiform_sun
Tar:7:    tar_minmay_river
Zot:1:    st_grand_hoard_of_tiamat
Zot:2:    nrook_zot_tub
Zot:4:    lemuel_halls_of_wrath
Zot:5:    st_stairs_7, grunt_ministairs_6
Abyss:1:  onia_ninara_dug_in_and_dangerous
Abyss:2:  abyss_exit_lava, hangedman_abyss_or_decor_stabs,
          hangedman_elemental_corridor
Abyss:3:  abyss_exit_lava, bh_abyss_negative,
          hangedman_grunt_abyss_rune_horror_hoard
Abyss:4:  hangedman_grunt_abyss_rune_horror_hoard, evilmike_abyss_exit_8
Pan:      evilmike_mini_pan_3x3, evilmike_cerebov_lava, grunt_pan_pentagram,
          nicolae_pan_sigil_itan, regret_index_pan_draining_boxed, pan_surprise,
          grunt_pan_frozen_over, reaverb_pan_figure_eight,
          evilmike_mini_pan_other_thingy, evilmike_mini_pan_diamond,
          pan_blood_fountain_2, grunt_pan_sceptre, rand_demon_4,
          pan_blood_fountain_2, grunt_pan_zigzag, nicolae_pan_gloorx_vloqian_3,
          mnoleg, gloorx_vloq, pan_blood_fountain_small, nicolae_pan_hourglass,
          grunt_pan_spiral, nicolae_pan_performance_anxiety, pan_blood_fountain,
          lom_lobon_grunt
Bazaar:   grunt_bazaar_doublecross, bazaar_minmay_generic_box
IceCv:    ice_cave_caverns_02
Volcano:  volcano_lake
WizLab:   wizlab_doroklohe

Skill      XL: |  1  2  3  4  5  6  7  8  9 10 11 12 13 14 15 16 17 18 19 20 21 22 23 24 25 26 27 |
---------------+----------------------------------------------------------------------------------+-----
Unarmed Combat | 3 4 5 6 8 10 11 13 14 15 16 17 18 19 20 21 22 23 24 27 | 27.0
Shields        | 1 2 3 4 10 13 15 17 | 17.4
Fighting       | 5 7 8 10 12 13 15 17 18 19 20 21 22 23 27 | 27.0
Dodging        | 2 4 5 6 7 8 9 10 11 12 16 | 16.8
Invocations    | 3 5 8 9 11 17 | 17.4
Evocations     | 4 6 8 9 10 11 13 | 13.3
Translocations | 4 6 7 8 10 11 | 11.8
Armour         | 4 8 10 11 12 18 | 18.5
Necromancy     | 2 26 | 26.2
Spellcasting   | 2 4 13 | 13.3
Transmutations | 5 6 |  6.0
Earth Magic    | 6 7 |  7.3
Summonings     | 2 6 |  6.0
Stealth        | 1 6 |  6.0
Throwing       | 15 | 15.0
Charms         | 7 |  7.3

Action                   |  1- 3 |  4- 6 |  7- 9 | 10-12 | 13-15 | 16-18 | 19-21 | 22-24 | 25-27 || total
-------------------------+-------+-------+-------+-------+-------+-------+-------+-------+-------++-------
Melee: Unarmed           |   109 |   234 |   344 |   991 |  1585 |  1994 |  1741 |  1649 |  9190 || 17837
       Punch             |     3 |     6 |       |       |       |       |       |       |       ||     9
 Fire: Hunting sling     |       |       |       |     7 |     9 |     4 |       |       |       ||    20
       Blowgun           |       |       |       |     2 |       |       |       |     1 |     6 ||     9
Throw: Throwing net      |       |       |       |       |       |       |     2 |       |     3 ||     5
 Cast: Animate Skeleton  |       |       |       |       |       |     2 |       |       |       ||     2
       Blink             |       |       |       |       |       |       |     1 |     1 |    14 ||    16
       Apportation       |       |       |       |       |       |       |       |       |   117 ||   117
       Regeneration      |       |       |       |       |       |       |       |       |   107 ||   107
       Lesser Beckoning  |       |       |       |       |       |       |       |       |    20 ||    20
       Passage of Golubr |       |       |       |       |       |       |       |       |    15 ||    15
       Infestation       |       |       |       |       |       |       |       |       |    13 ||    13
       Passwall          |       |       |       |       |       |       |       |       |     4 ||     4
       Dispel Undead     |       |       |       |       |       |       |       |       |     2 ||     2
       Summon Butterflie |       |       |       |       |       |       |       |       |     2 ||     2
       Song of Slaying   |       |       |       |       |       |       |       |       |     2 ||     2
Invok: Bend Space        |       |       |       |     1 |       |       |       |       |       ||     1
       Banish            |       |       |       |     1 |    24 |    24 |    13 |     7 |    25 ||    94
       Corrupt           |       |       |       |       |     1 |     2 |       |       |     1 ||     4
       Depart the Abyss  |       |       |       |       |       |       |       |       |     1 ||     1
Evoke: Wand              |       |       |     3 |    19 |    30 |    14 |    24 |     4 |    28 ||   122
       Fan of gales      |       |       |       |       |     1 |       |       |     1 |       ||     2
       Box of beasts     |       |       |       |       |       |       |       |     1 |     4 ||     5
       Phantom mirror    |       |       |       |       |       |       |       |       |     2 ||     2
       Horn of Geryon    |       |       |       |       |       |       |       |       |     5 ||     5
       Lamp of fire      |       |       |       |       |       |       |       |       |     3 ||     3
       Lightning rod     |       |       |       |       |       |       |       |       |     3 ||     3
       Sack of spiders   |       |       |       |       |       |       |       |       |     2 ||     2
  Use: Potion            |       |     5 |     1 |     1 |       |     3 |     3 |     6 |    32 ||    51
       Scroll            |       |       |    11 |    16 |    13 |    13 |    20 |    10 |    53 ||   136
 Stab: Distracted        |       |       |       |       |     1 |     1 |       |     1 |     9 ||    12
       Paralysed         |       |       |       |       |    10 |    12 |       |       |       ||    22
       Sleeping          |       |       |       |       |       |     1 |       |       |       ||     1
       Held in net/web   |       |       |       |       |       |       |     2 |       |     2 ||     4
       Confused          |       |       |       |       |       |       |       |       |     2 ||     2
       Invisible         |       |       |       |       |       |       |       |       |     1 ||     1
  Eat: Chunk             |    10 |    29 |    55 |   148 |   252 |   246 |   184 |   142 |   304 ||  1370
       Ration            |       |       |       |       |       |       |       |       |    17 ||    17
Armor: Leather armour    |    20 |    38 |       |       |       |       |       |       |       ||    58
       Ring mail         |       |    38 |    78 |   224 |   335 |   384 |       |       |       ||  1059
       Ice dragon scales |       |       |       |       |       |    48 |       |       |       ||    48
       Chain mail        |       |       |       |       |       |    23 |   102 |       |       ||   125
       Plate armour      |       |       |       |       |       |       |   224 |   338 |  2048 ||  2610
Dodge: Dodged            |    58 |   111 |   103 |   356 |   698 |   898 |   467 |   544 |  3377 ||  6612
Block: Buckler           |       |     9 |    61 |   221 |   326 |   555 |       |       |       ||  1172
       Reflection        |       |       |       |       |       |    37 |    86 |    54 |    69 ||   246
       Shield            |       |       |       |       |       |    55 |   705 |   720 |  5003 ||  6483

Table legend:
 A = Spawn XP
 B = Non-spawn XP
 C = Spawn XP percentage of total XP
 D = Spawn monster count
 E = Non-spawn monster count
 F = Spawn count percentage of total count
 G = Total turns spent on level
                    A         B        C        D         E        F      G
               +---------+---------+-------+---------+---------+-------+---------
         Total |   24207 | 3405395 |   0.7 |      50 |    4339 |   1.1 | 79062
               +---------+---------+-------+---------+---------+-------+---------
           D:1 |       0 |      20 |   0.0 |       0 |      12 |   0.0 |   566
           D:2 |       0 |     104 |   0.0 |       0 |      33 |   0.0 |  1034
           D:3 |       0 |     159 |   0.0 |       0 |      23 |   0.0 |   762
           D:4 |       0 |     429 |   0.0 |       0 |      16 |   0.0 |   769
           D:5 |       0 |     450 |   0.0 |       0 |      13 |   0.0 |   528
           D:6 |       0 |     712 |   0.0 |       0 |      18 |   0.0 |   756
           D:7 |       0 |    2353 |   0.0 |       0 |      38 |   0.0 |   892
           D:8 |       0 |    3718 |   0.0 |       0 |      26 |   0.0 |   825
           D:9 |       0 |    2028 |   0.0 |       0 |      16 |   0.0 |   789
          D:10 |       0 |    2416 |   0.0 |       0 |      13 |   0.0 |   714
          D:11 |       0 |    4420 |   0.0 |       0 |      41 |   0.0 |  1127
          D:12 |       0 |    6710 |   0.0 |       0 |      55 |   0.0 |  1310
          D:13 |       0 |    8064 |   0.0 |       0 |      30 |   0.0 |   996
          D:14 |       0 |   16849 |   0.0 |       0 |      35 |   0.0 |  1482
          D:15 |       0 |   11939 |   0.0 |       0 |      33 |   0.0 |  1387
        Lair:1 |       0 |    4905 |   0.0 |       0 |      25 |   0.0 |   836
        Lair:2 |       0 |    5711 |   0.0 |       0 |      38 |   0.0 |   654
        Lair:3 |       0 |    3660 |   0.0 |       0 |      16 |   0.0 |   624
        Lair:4 |       0 |    2198 |   0.0 |       0 |       9 |   0.0 |   433
        Lair:5 |       0 |   12122 |   0.0 |       0 |      27 |   0.0 |   910
        Lair:6 |       0 |   15141 |   0.0 |       0 |      58 |   0.0 |  1301
       Swamp:1 |       0 |    8755 |   0.0 |       0 |      32 |   0.0 |   825
       Swamp:2 |       0 |   10332 |   0.0 |       0 |      29 |   0.0 |   995
       Swamp:3 |       0 |   13916 |   0.0 |       0 |      39 |   0.0 |   805
       Swamp:4 |       0 |   19328 |   0.0 |       0 |      41 |   0.0 |   742
       Snake:1 |       0 |   12196 |   0.0 |       0 |      25 |   0.0 |   654
       Snake:2 |       0 |   20184 |   0.0 |       0 |      37 |   0.0 |  1102
       Snake:3 |       0 |    9792 |   0.0 |       0 |      22 |   0.0 |   602
       Snake:4 |       0 |   72454 |   0.0 |       0 |     119 |   0.0 |  2201
       Slime:1 |       0 |   10886 |   0.0 |       0 |       9 |   0.0 |   369
       Slime:2 |       0 |    9715 |   0.0 |       0 |       7 |   0.0 |    67
       Slime:3 |       0 |    4099 |   0.0 |       0 |       5 |   0.0 |   191
       Slime:4 |       0 |   10934 |   0.0 |       0 |      20 |   0.0 |   563
       Slime:5 |       0 |   33205 |   0.0 |       0 |      23 |   0.0 |   625
         Orc:1 |       0 |    2339 |   0.0 |       0 |      35 |   0.0 |   693
         Orc:2 |       0 |   24003 |   0.0 |       0 |      65 |   0.0 |  1359
         Elf:1 |       0 |   15529 |   0.0 |       0 |      24 |   0.0 |   673
         Elf:2 |       0 |   18444 |   0.0 |       0 |      36 |   0.0 |   600
         Elf:3 |       0 |   62327 |   0.0 |       0 |      49 |   0.0 |  1359
      Vaults:1 |       0 |   32847 |   0.0 |       0 |      72 |   0.0 |  2345
      Vaults:2 |       0 |   37561 |   0.0 |       0 |      48 |   0.0 |  1962
      Vaults:3 |       0 |   49313 |   0.0 |       0 |      70 |   0.0 |  1510
      Vaults:4 |       0 |   71297 |   0.0 |       0 |     105 |   0.0 |  1756
      Vaults:5 |       0 |  167687 |   0.0 |       0 |     164 |   0.0 |  2193
       Crypt:1 |       0 |   41108 |   0.0 |       0 |      45 |   0.0 |   920
       Crypt:2 |       0 |   15549 |   0.0 |       0 |      27 |   0.0 |   527
       Crypt:3 |       0 |   75925 |   0.0 |       0 |     120 |   0.0 |  1710
        Tomb:1 |       0 |   84257 |   0.0 |       0 |      73 |   0.0 |  1472
        Tomb:2 |       0 |   62227 |   0.0 |       0 |      73 |   0.0 |   647
        Tomb:3 |       0 |   91601 |   0.0 |       0 |     117 |   0.0 |   562
      Depths:1 |       0 |   50076 |   0.0 |       0 |      76 |   0.0 |  1308
      Depths:2 |       0 |   35573 |   0.0 |       0 |      58 |   0.0 |  1356
      Depths:3 |       0 |   74084 |   0.0 |       0 |      64 |   0.0 |   980
      Depths:4 |       0 |  101217 |   0.0 |       0 |      80 |   0.0 |  1988
      Depths:5 |       0 |   68621 |   0.0 |       0 |      54 |   0.0 |  1059
          Hell |       0 |   42162 |   0.0 |       0 |      74 |   0.0 |   624
         Dis:1 |       0 |    2055 |   0.0 |       0 |       4 |   0.0 |    40
         Dis:2 |       0 |   10709 |   0.0 |       0 |      20 |   0.0 |   343
         Dis:3 |       0 |    1494 |   0.0 |       0 |       4 |   0.0 |    29
         Dis:4 |       0 |   43065 |   0.0 |       0 |      86 |   0.0 |   493
         Dis:5 |       0 |   17273 |   0.0 |       0 |      23 |   0.0 |   279
         Dis:6 |       0 |   10612 |   0.0 |       0 |      12 |   0.0 |    59
         Dis:7 |       0 |  106893 |   0.0 |       0 |      72 |   0.0 |   960
         Geh:1 |       0 |    8428 |   0.0 |       0 |      20 |   0.0 |   100
         Geh:2 |       0 |   15072 |   0.0 |       0 |      40 |   0.0 |   142
         Geh:3 |       0 |   25671 |   0.0 |       0 |      54 |   0.0 |   451
         Geh:4 |       0 |   30903 |   0.0 |       0 |      66 |   0.0 |   430
         Geh:5 |       0 |   17419 |   0.0 |       0 |      32 |   0.0 |   254
         Geh:6 |       0 |   49866 |   0.0 |       0 |      94 |   0.0 |   786
         Geh:7 |       0 |  105494 |   0.0 |       0 |     120 |   0.0 |  1173
         Coc:1 |       0 |    6362 |   0.0 |       0 |      13 |   0.0 |   108
         Coc:2 |       0 |    5867 |   0.0 |       0 |      13 |   0.0 |   130
         Coc:3 |       0 |   22262 |   0.0 |       0 |      58 |   0.0 |   365
         Coc:4 |       0 |    6927 |   0.0 |       0 |      13 |   0.0 |   136
         Coc:5 |       0 |    3054 |   0.0 |       0 |       7 |   0.0 |    52
         Coc:6 |       0 |   28974 |   0.0 |       0 |      38 |   0.0 |   258
         Coc:7 |       0 |  141964 |   0.0 |       0 |     104 |   0.0 |   915
         Tar:1 |       0 |   11101 |   0.0 |       0 |      25 |   0.0 |   232
         Tar:2 |       0 |   45548 |   0.0 |       0 |      46 |   0.0 |   274
         Tar:3 |       0 |    7504 |   0.0 |       0 |      11 |   0.0 |    57
         Tar:4 |       0 |   14210 |   0.0 |       0 |      28 |   0.0 |   221
         Tar:5 |       0 |     578 |   0.0 |       0 |       3 |   0.0 |    27
         Tar:6 |       0 |    8484 |   0.0 |       0 |      12 |   0.0 |   163
         Tar:7 |       0 |  131209 |   0.0 |       0 |     127 |   0.0 |  1182
         Zot:1 |       0 |  110813 |   0.0 |       0 |      60 |   0.0 |  1661
         Zot:2 |       0 |   47981 |   0.0 |       0 |      28 |   0.0 |   832
         Zot:3 |       0 |   31898 |   0.0 |       0 |      19 |   0.0 |   921
         Zot:4 |       0 |  100131 |   0.0 |       0 |      71 |   0.0 |  1337
         Zot:5 |       0 |  242272 |   0.0 |       0 |      83 |   0.0 |  1734
       Abyss:1 |    3289 |    2194 |  60.0 |       7 |       3 |  70.0 |    98
       Abyss:4 |   10837 |   21322 |  33.7 |      23 |      18 |  56.1 |   317
           Pan |   10081 |  393204 |   2.5 |      20 |     331 |   5.7 |  4935
         IceCv |       0 |    9103 |   0.0 |       0 |      57 |   0.0 |   928
       Volcano |       0 |     832 |   0.0 |       0 |       8 |   0.0 |   289
        WizLab |       0 |    2996 |   0.0 |       0 |       4 |   0.0 |   106
               +---------+---------+-------+---------+---------+-------+---------
